 Dungeon Crawl Stone Soup version 0.27-a0-1051-g288ea87c7c (webtiles) character file.

Game seed: 7450654873532149182

12217618 mojorge the Cruiserweight Champion (level 27, 387/387 HPs)
             Began as a Naga Warper on Apr 20, 2021.
             Was the Champion of Cheibriados.
             Escaped with the Orb
             ... and 15 runes on Apr 21, 2021!
             The game lasted 10:15:47 (139874 turns).

mojorge the Cruiserweight Champion (Naga Warper)  Turns: 139874, Time: 10:15:48

Health: 387/387    AC: 45    Str: 36    XL:     27
Magic:  4/54       EV: 36    Int: 36    God:    Cheibriados [******]
Gold:   20563      SH: 37    Dex: 32    Spells: 13/80 levels left

rFire    + + +     SeeInvis +   i - +3 Elemental Staff {rElec rF++ rC++ Will++ AC+5}
rCold    + + +     Faith    .   v - +18 shield of the Gong {rElec rN+ Will+ EV-5}
rNeg     + + +     Spirit   .   (armour currently unavailable)
rPois    ∞         Reflect  .   z - +0 mask of the Dragon {Will+ Slay+3 SInv}
rElec    +         Harm     .   e - +2 cloak of Chill Winds {Regen+}
rCorr    +         Rampage  .   (gloves currently unavailable)
Will     +++++                  (no barding)
Stlth    ++++......             F - amulet "Olipiut" {rF++ Regen+ Str+4 Dex-3}
HPRegen  2.74/turn              k - ring "Veuhoel" {rN+ rCorr Dex+4}
MPRegen  0.34/turn              N - ring of the Octopus King {rC+ AC+1 EV+1 Str+1 Int+1 Dex+1}

@: statue-form, studying 5 skills, very slow
A: slow and powerful, torment resistance 1, boosted hp, AC +9, large, see
invisible, deformed body, poison resistance, (slowness 2), spit poison 2, naga
tail 2, antennae 1, thin skeletal structure 1, cold resistance 1, deterioration
1, dopey 1, passive freeze, screaming 1, evolution 1
0: Orb of Zot
}: 15/15 runes: decaying, serpentine, slimy, silver, golden, iron, obsidian,
icy, bone, abyssal, demonic, glowing, magical, fiery, dark
a: Breathe Poison Gas, Breathe Poison Gas, End Transformation, Renounce
Religion, Bend Time, Temporal Distortion, Slouch, Step From Time


You escaped.
You worshipped Cheibriados.
Cheibriados was exalted by your worship.
You were a living statue of rough stone.
You visited 17 branches of the dungeon, and saw 87 of its levels.
You visited Pandemonium 2 times, and saw 13 of its levels.
You visited the Abyss 1 time.
You completed 2 ziggurats, and saw 54 of their levels.
You also visited: Trove, Ossuary and Bailey.

You collected 24157 gold pieces.
You spent 3594 gold pieces at shops.

Inventory:

Hand Weapons
 a - a +9 vorpal fustibalus
 i - the +3 Elemental Staff (weapon) {rElec rF++ rC++ Will++ AC+5}
   (You found it on level 15 of a ziggurat)

   It affects your AC (+5).
   It greatly protects you from fire.
   It greatly protects you from cold.
   It insulates you from electricity.
   It greatly increases your willpower.
Missiles
 d - 5 boomerangs of dispersal
 j - 503 sling bullets
 n - 1938 stones
 D - a throwing net
Armour
 e - the +2 cloak of Chill Winds (worn) {Regen+}
   (You found it on level 4 of the Depths)

   It increases your rate of health regeneration.
 v - the +18 shield of the Gong (worn) {rElec rN+ Will+ EV-5}
   (You found it on level 20 of a ziggurat)

   It affects your evasion (-5).
   It insulates you from electricity.
   It protects you from negative energy.
   It increases your willpower.
 z - the +0 mask of the Dragon (worn) {Will+ Slay+3 SInv}
   (You found it on level 3 of the Vaults)

   It affects your accuracy and damage with ranged weapons and melee attacks
   (+3).
   It lets you see invisible.
   It increases your willpower.
 O - a +4 barding of cold resistance (melded)
 T - a +2 pair of gloves of strength (melded)
 X - the +9 gold dragon scales of Inquiry (melded) {rPois rF+ rC+ Will+}
   (You took it off a balrug in Pandemonium)

   It protects you from fire.
   It protects you from cold.
   It protects you from poison.
   It increases your willpower.
Jewellery
 b - the ring of the Good {Wiz rElec rF+++ Str-3 Int+3}
   (You found it on level 26 of a ziggurat)

   [ring of wizardry]

   It improves your spell success rate.
   It affects your strength (-3).
   It affects your intelligence (+3).
   It renders you almost immune to fire.
   It insulates you from electricity.
 f - the ring "Akhocebe" {rF+ Int+7 Slay+4}
   (You found it on level 15 of a ziggurat)

   [ring of slaying]

   It affects your intelligence (+7).
   It affects your accuracy and damage with ranged weapons and melee attacks
   (+4).
   It protects you from fire.
 g - the ring "Utuomieschy" {rF+++ rN+++ AC+4 Str-4 Dex-3}
   (You found it on level 15 of a ziggurat)

   [ring of protection]

   It affects your AC (+4).
   It affects your strength (-4).
   It affects your dexterity (-3).
   It renders you almost immune to fire.
   It renders you almost immune to negative energy.
 k - the ring "Veuhoel" (left fist) {rN+ rCorr Dex+4}
   (You found it on level 21 of a ziggurat)

   [ring of resist corrosion]

   It affects your dexterity (+4).
   It protects you from negative energy.
   It protects you from acid and corrosion.
 B - a ring of protection from fire
 F - the amulet "Olipiut" (around neck) {rF++ Regen+ Str+4 Dex-3}
   (You found it on level 5 of the Vaults)

   [amulet of regeneration]

   It affects your strength (+4).
   It affects your dexterity (-3).
   It greatly protects you from fire.
   It increases your rate of health regeneration.
 N - a ring of the Octopus King (right fist) {rC+ AC+1 EV+1 Str+1 Int+1 Dex+1}
   (You bought it in a shop on level 3 of the Depths)

   [ring of protection from cold]

   It affects your AC (+1).
   It affects your evasion (+1).
   It affects your strength (+1).
   It affects your intelligence (+1).
   It affects your dexterity (+1).
   It protects you from cold.
Wands
 c - a wand of digging (33)
Scrolls
 q - 13 scrolls of immolation
 r - 13 scrolls of magic mapping
 s - 4 scrolls of summoning
 w - 14 scrolls of torment
 y - 8 scrolls of fear
 H - 13 scrolls of vulnerability
 I - 41 scrolls of fog
 K - 36 scrolls of amnesia
 M - 9 scrolls of holy word
 S - 11 scrolls of identify
 U - 5 scrolls of blinking
 W - 10 scrolls of silence
 Z - 45 scrolls of teleportation
Potions
 l - 2 potions of magic
 m - 3 potions of invisibility
 o - 37 potions of curing
 p - 12 potions of might
 t - 10 potions of flight
 u - 13 potions of lignification
 x - 5 potions of cancellation
 A - 8 potions of brilliance
 C - 14 potions of heal wounds
 Q - 4 potions of resistance
 R - 8 potions of ambrosia
 V - 34 potions of mutation
Miscellaneous
 h - 2 +2 figurines of a ziggurat


   Skills:
 O Level 27 Fighting
 + Level 13.1 Short Blades
 - Level 24.8 Slings
 - Level 0.8(17.1) Throwing
 - Level 21.7 Armour
 O Level 27 Dodging
 - Level 25.9 Stealth
 - Level 18.1 Shields
 O Level 27 Unarmed Combat
 O Level 27 Spellcasting
 - Level 23.5 Conjurations
 - Level 10.0 Hexes
 - Level 21.0 Necromancy
 + Level 26.2 Translocations
 O Level 27 Transmutations
 O Level 27 Fire Magic
 O Level 27 Earth Magic
 O Level 27 Invocations
 - Level 13.7 Evocations


You had 13 spell levels left.
You knew the following spells:

 Your Spells              Type           Power      Damage    Failure   Level
a - Blink                 Tloc           N/A        N/A       0%          2
b - Teleport Other        Tloc           100%       N/A       0%          3
c - Lesser Beckoning      Tloc           63%        N/A       0%          3
d - Apportation           Tloc           100%       N/A       0%          1
e - Passage of Golubria   Tloc           N/A        N/A       0%          4
f - Statue Form           Tmut/Erth      100%       N/A       0%          6
g - Blade Hands           Tmut           63%        N/A       0%          6
h - Portal Projectile     Hex/Tloc       100%       N/A       0%          3
i - Shatter               Erth           76%        3d55*     1%          9
j - Manifold Assault      Tloc           100%       N/A       0%          5
k - Haunt                 Necr/Summ      45%        N/A       4%          7
l - Death's Door          Necr           58%        N/A       8%          9
m - Fire Storm            Conj/Fire      74%        8d19      1%          9

Your spell library contained the following spells:

 Spells                   Type           Power      Damage    Failure   Level
 Animate Skeleton         Necr           100%       N/A       0%          1
 Beastly Appendage        Tmut           100%       N/A       0%          1
 Corona                   Hex            97%        N/A       0%          1
 Foxfire                  Conj/Fire      100%       2x1d9     0%          1
 Magic Dart               Conj           100%       1d8       0%          1
 Pain                     Necr           100%       1d9       0%          1
 Sandblast                Erth           100%       2d20      0%          1
 Shock                    Conj/Air       100%       1d9       0%          1
 Sting                    Tmut/Pois      100%       1d8       0%          1
 Corpse Rot               Necr/Air       N/A        N/A       0%          2
 Passwall                 Tmut/Erth      100%       N/A       0%          2
 Searing Ray              Conj           100%       3d7       0%          2
 Slow                     Hex            88%        N/A       0%          2
 Static Discharge         Conj/Air       100%       N/A       0%          2
 Sublimation of Blood     Necr           58%        N/A       0%          2
 Wereblood                Tmut           100%       N/A       0%          2
 Conjure Flame            Conj/Fire      100%       6-21      0%          3
 Dazzling Flash           Conj/Hex       100%       N/A       0%          3
 Gell's Gravitas          Tloc           63%        N/A       0%          3
 Ignite Poison            Fire/Tmut/Pois 100%       N/A       0%          3
 Inner Flame              Hex/Fire       100%       N/A       0%          3
 Spider Form              Tmut/Pois      49%        N/A       0%          3
 Stone Arrow              Conj/Erth      100%       3d13      0%          3
 Vampiric Draining        Necr           58%        2d14      0%          3
 Animate Armour           Summ/Erth      100%       N/A       0%          4
 Animate Dead             Necr           58%        N/A       0%          4
 Dispel Undead            Necr           100%       3d31      0%          4
 Fulminant Prism          Conj/Hex       53%        3d23      0%          4
 Ice Form                 Ice/Tmut       100%       N/A       0%          4
 Iskenderun's Mystic Bla  Conj/Tloc      100%       2d19      0%          4
 Leda's Liquefaction      Hex/Erth       67%        N/A       0%          4
 Petrify                  Tmut/Erth      100%       N/A       0%          4
 Sticky Flame             Conj/Fire      100%       2d11      0%          4
 Agony                    Necr           100%       N/A       0%          5
 Bolt of Magma            Conj/Fire/Erth 88%        4d33      0%          5
 Borgnjor's Vile Clutch   Necr/Erth      73%        N/A       0%          5
 Excruciating Wounds      Necr           58%        N/A       0%          5
 Fireball                 Conj/Fire      74%        3d28      0%          5
 Hydra Form               Tmut           63%        N/A       0%          5
 Irradiate                Conj/Tmut      62%        3d34      0%          5
 Iskenderun's Battlesphe  Conj           100%       2d15      0%          5
 Lee's Rapid Deconstruct  Erth           76%        3d35*     0%          5
 Yara's Violent Unravell  Hex/Tmut       55%        3d21      0%          5
 Death Channel            Necr           58%        N/A       0%          6
 Dispersal                Tloc           63%        N/A       0%          6
 Iron Shot                Conj/Erth      74%        9d14      0%          6
 Starburst                Conj/Fire      74%        8x6d19    0%          6
 Dragon Form              Tmut           63%        N/A       0%          7
 Freeze                   Ice            100%       1d11      1%          1
 Summon Small Mammal      Summ           100%       N/A       1%          1
 Call Imp                 Summ           48%        N/A       1%          2
 Ensorcelled Hibernation  Hex/Ice        100%       N/A       1%          2
 Poisonous Vapours        Pois/Air       100%       N/A       1%          2
 Call Canine Familiar     Summ           48%        N/A       1%          3
 Confusing Touch          Hex            88%        N/A       1%          3
 Frozen Ramparts          Ice            100%       1d12      1%          3
 Mephitic Cloud           Conj/Pois/Air  100%       N/A       1%          3
 Ozocubu's Armour         Ice            64%        N/A       1%          3
 Summon Guardian Golem    Hex/Summ       71%        N/A       1%          3
 Swiftness                Air            64%        N/A       1%          3
 Tukima's Dance           Hex            88%        N/A       1%          3
 Cause Fear               Hex            44%        N/A       1%          4
 Hailstorm                Conj/Ice       100%       3d20      1%          4
 Alistair's Intoxication  Tmut/Pois      65%        N/A       1%          5
 Lightning Bolt           Conj/Air       58%        1d80      1%          5
 Metabolic Englaciation   Hex/Ice        45%        N/A       1%          5
 Silence                  Hex/Air        45%        N/A       1%          5
 Summon Forest            Summ/Tloc      48%        N/A       1%          5
 Summon Mana Viper        Hex/Summ       71%        N/A       1%          5
 Conjure Ball Lightning   Conj/Air       58%        3x3d21    1%          6
 Eringya's Noxious Bog    Tmut/Pois      49%        N/A       1%          6
 Invisibility             Hex            88%        N/A       1%          6
 Simulacrum               Ice/Necr       56%        N/A       1%          6
 Malign Gateway           Summ/Tloc      48%        N/A       1%          7
 Orb of Destruction       Conj           60%        9d17      1%          7
 Borgnjor's Revivificati  Necr           58%        N/A       1%          8
 Disjunction              Tloc           63%        N/A       1%          8
 Ignition                 Fire           76%        3d20      1%          8
 Infestation              Necr           58%        N/A       1%          8
 Lehudib's Crystal Spear  Conj/Erth      74%        10d17     1%          8
 Necromutation            Tmut/Necr      61%        N/A       1%          8
 Freezing Cloud           Conj/Ice/Air   62%        6-21      2%          6
 Spellforged Servitor     Conj/Summ      46%        N/A       2%          7
 Airstrike                Air            32%        N/A       4%          4
 Olgreb's Toxic Radiance  Pois           48%        N/A       4%          4
 Summon Ice Beast         Ice/Summ       64%        N/A       4%          4
 Summon Lightning Spire   Summ/Air       64%        N/A       4%          4
 Chain Lightning          Conj/Air       58%        N/A       22%         8
 Discord                  Hex            44%        N/A       38%         8
 Shadow Creatures         Summ           N/A        N/A       52%         6
 Monstrous Menagerie      Summ           24%        N/A       98%         7
 Ozocubu's Refrigeration  Ice            32%        4d11      98%         7
 Summon Hydra             Summ           24%        N/A       98%         7
 Summon Horrible Things   Summ           24%        N/A       100%        8
 Absolute Zero            Ice            32%        ∞         100%        9
 Dragon's Call            Summ           24%        N/A       100%        9
 Tornado                  Air            32%        N/A       100%        9


Dungeon Overview and Level Annotations

Branches:
Dungeon (15/15)            Temple (0/1) D:7            Lair (6/6) D:9
  Swamp (4/4) Lair:2        Snake (4/4) Lair:3        Slime (5/5) Lair:5
    Orc (2/2) D:9             Elf (3/3) Orc:2        Vaults (5/5) D:13
  Crypt (3/3) Vaults:2       Tomb (3/3) Crypt:3      Depths (5/5) D:15
   Hell (visited)             Dis (7/7) Hell            Geh (7/7) Hell
    Coc (7/7) Hell            Tar (7/7) Hell            Zot (5/5) Depths:5
Ossuary (visited)          Bailey (visited)

Altars:
Ashenzari
Cheibriados
Dithmenos
Fedhas
Hepliaklqana
Kikubaaqudgha
Makhleb
Nemelex Xobeh
Ru
Trog
Uskayaw
Vehumet
Wu Jian
Xom
Yredelemnul
The Shining One
Beogh
Jiyva
Lugonu

Shops:
D:4 !   D:10 (   Orc:2 ?(=:   Elf:1 *[[*   Elf:2 ?   Snake:4 *[=[   Vaults:5 [
Depths:3 =:=

Portals:
Hell: Depths:1 Depths:2 Depths:3 Depths:4 Depths:5
Abyss: Depths:3 Depths:4*
Pandemonium: Depths:3

Annotations:
Elf:2 Roxanne


Innate Abilities, Weirdness & Mutations

You are a living statue of rough stone.
Your actions are slow, but your melee attacks are powerful.
You are resistant to unholy torment.
Your maximum health is greatly increased.
Your equipment is partially melded.
((Your serpentine skin is tough. (AC +9)))
You have supernaturally acute eyesight. (SInv)
Armour fits poorly on your strangely shaped body.
Your system is resistant to poisons. (rPois)
((You cover ground very slowly.))
You can exhale a cloud of poison.
You can use your snake-like lower body to constrict enemies.
You have a pair of small antennae on your head.
You have a somewhat thin skeletal structure. (Dex +2, Stealth+)
Your flesh is cold resistant. (rC+)
Your body sometimes deteriorates upon taking damage.
You are dopey. (Int -2)
A frigid envelope surrounds you and freezes all who hurt you.
You occasionally shout uncontrollably at your foes.
You evolve.


Message History

You start resting.
Magic restored.
You start waiting.
An Orb Guardian comes into view.
An Orb Guardian is nearby!
Casting: Statue Form (safe; 0% risk of failure)
Confirm with . or Enter, or press ? or * to list all spells.
The dungeon rumbles!
The Orb Guardian is severely wounded.
Ka-crash!
Casting: Shatter (mildly dangerous; 1% risk of failure)
Confirm with . or Enter, or press ? or * to list all spells.
The dungeon rumbles!
You kill the Orb Guardian!
Cheibriados thoroughly appreciates the change of pace.
Ka-crash!
Okay, then.
Unknown command.
Casting: Shatter (mildly dangerous; 1% risk of failure)
Confirm with . or Enter, or press ? or * to list all spells.
The dungeon rumbles!
Ka-crash!
Casting: Shatter (mildly dangerous; 1% risk of failure)
Confirm with . or Enter, or press ? or * to list all spells.
The dungeon rumbles!
Ka-crash!
Unknown command.
i - the +3 Elemental Staff (weapon)
{rElec rF++ rC++ Will++ AC+5} Unknown command.
Casting: Shatter (mildly dangerous; 1% risk of failure)
Confirm with . or Enter, or press ? or * to list all spells.
You feel a surge of power!
The dungeon rumbles!
Ka-crash!
Casting: Shatter (mildly dangerous; 1% risk of failure)
Confirm with . or Enter, or press ? or * to list all spells.
You feel a surge of power!
The dungeon rumbles!
Ka-crash!
Casting: Shatter (mildly dangerous; 1% risk of failure)
Confirm with . or Enter, or press ? or * to list all spells.
You don't have enough magic to cast this spell.
You have escaped!

..............# #..#
............... ......#
.#..# ##########.....#
.#.....#....#
##.....#.............
#...................#
.................#..#
#######
......⌠...⌠...≈≈.#..#
......#
#.............≈≈.#..#
......#
.......8.>.......#..#
......#
#...............#...#
......#
......⌠...⌠.......#.#
......#
##......#......##.#.#
...####
#..............#..#.####
...#
##......#........#......
...#
..##...###...#..###.....
...# ## .#.. ###.##.#
#.#### ...# #.##.# #.#


There were no monsters in sight!

Vanquished Creatures
  Cerebov (Pan)
  Antaeus (Coc:7)
  the Royal Jelly (Slime:5)
  Asmodeus (Geh:7)
  Ereshkigal (Tar:7)
  Gloorx Vloq (Pan)
  Mnoleg (Pan)
  Lom Lobon (Pan)
  the Serpent of Hell (Hell)
  A seraph (D:9)
  33 dread liches
  33 ancient liches
  Dispater (Dis:7)
  7 orbs of fire (Zot:5)
  Mara (Depths:4)
  Mennas (Pan)
  7 juggernauts
  15 Killer Klowns
  52 royal mummies
  27 shard shrikes
  Sojobo (Depths:1)
  Saint Roka (Elf:2)
  A curse toe (Zot:2)
  Geryon (Hell)
  68 golden dragons
  Vashnia (Snake:3)
  32 bone dragons
  2 profane servitors
  10 electric golems
  118 Brimstone Fiends
  79 Tzitzimimeh
  The ghost of Paets the Warrior, an adept GrFi of Cheibriados (Crypt:2)
  The ghost of Yjydghau the Fencer, an adept DsGl of Trog (Depths:2)
  2 hellephants (Abyss:3)
  21 doom hounds
  27 iron giants
  42 tentacled monstrosities
  39 Ice Fiends
  16 Hell Sentinels
  Jorgrun (Snake:3)
  47 pandemonium lords
  31 Orb Guardians
  32 quicksilver dragons
  29 liches
  44 titans
  2 deep elf master archers (Elf:3)
  2 deep elf blademasters (Elf:3)
  2 sphinxes (shapeshifter) (Zig:8)
  39 acid blobs
  53 Executioners
  Asterion (Vaults:3)
  An eldritch tentacle (Pan)
  4 death cobs
  44 ancient champions
  21 tentacled starspawn
  34 sphinxes
  The ghost of Latzuirhuv the Whirler, an adept HaHu of Okawaru (Depths:4)
  A thorn hunter (Swamp:4)
  18 tengu reavers
  Agnes (Depths:1)
  19 draconian monks
  2 fenstrider witches (shapeshifter)
  21 storm dragons
  3 daevas
  9 warmongers (Pan)
  4 revenants
  41 shadow dragons
  23 azure jellies
  29 rockslimes
  16 fire giants
  11 deep elf sorcerers
  56 nagarajas
  19 iron dragons
  19 frost giants
  13 emperor scorpions
  A fire giant (shapeshifter) (Zig:2)
  36 cacodemons
  17 draconian scorchers
  16 draconian knights
  25 vault wardens
  25 ghost moths
  71 balrugs
  15 draconian shifters
  8 curse skulls
  5 caustic shrike zombies
  Aizul (Vaults:1)
  10 draconian stormcallers
  3 juggernaut zombies
  4 ghouls
  A spriggan defender (Depths:1)
  3 caustic shrike skeletons
  12 orc warlords
  28 draconian annihilators
  70 very ugly things
  8 blood saints (Pan)
  179 reapers
  13 quicksilver oozes
  6 elemental wellsprings
  3 juggernaut skeletons
  29 stone giants
  23 war gargoyles
  32 ironbound preservers
  A stone giant (shapeshifter) (Zig:8)
  5 deep elf elementalists
  20 bennus
  20 entropy weavers
  10 deep elf demonologists
  20 black draconians
  29 vampire knights
  12 corrupters
  21 green draconians
  22 white draconians
  11 yellow draconians
  Azrael (Elf:1)
  10 black suns (Pan)
  16 dire elephants
  12 purple draconians
  9 spark wasps
  8 deep elf annihilators
  17 red draconians
  13 bunyips
  An entropy weaver (shapeshifter) (Zig:22)
  25 lorocyprocas
  4 eleionomae (shapeshifter)
  47 green deaths
  8 salamander tyrants
  2 eidola
  8 merfolk javelineers (Zig:26)
  42 blizzard demons
  16 jiangshi
  27 ettins
  6 eleionomae
  17 deep elf death magi
  16 fire dragons
  39 mummy priests
  16 quicksilver dragon zombies
  6 shambling mangroves
  31 yaktaur captains
  8 quicksilver dragon skeletons
  A kraken zombie (Coc:1)
  27 vault guards
  11 deep elf high priests
  8 ironbound thunderhulks
  9 hell beasts
  A caustic shrike simulacrum (Depths:4)
  11 monstrous demonspawn
  23 great orbs of eyes
  16 rakshasas
  2 hydras (shapeshifter) (Zig:22)
  45 ice dragons
  8 ghost crabs
  8 boulder beetles
  13 spriggan air magi
  An ice dragon (shapeshifter) (Zig:6)
  52 hydras
  28 naga warriors
  2 anacondas (shapeshifter)
  10 ironbound frosthearts
  14 anacondas
  3 death knights
  3 alligator snapping turtles (Zig:26)
  7 centaur warriors
  3 ogre magi
  3 alligator snapping turtles (shapeshifter)
  6 two-headed ogres
  A catoblepas (shapeshifter) (Zig:6)
  14 vampire magi
  14 alligators
  7 death yaks
  13 deep troll shamans
  5 tengu warriors
  41 death scarabs
  13 spriggan berserkers
  32 dancing weapons
  32 titan zombies
  8 deep troll earth magi
  15 iron golems
  33 naga sharpshooters
  27 shock serpents
  13 thrashing horrors
  100 hell hogs
  109 hell knights
  2 shock serpents (shapeshifter)
  18 storm dragon zombies
  133 sun demons
  105 soul eaters
  17 orc high priests
  14 deep elf knights
  7 ironbound beastmasters
  Nergalle (Lair:3)
  22 shadow wraiths
  19 iron trolls
  The ghost of jestyr24 the Destroyer, a novice DrCj of Vehumet (D:8)
  5 goliath frogs
  24 golden dragon zombies
  5 salamander mystics
  252 skeletal warriors
  22 wretched stars
  42 sixfirhies
  24 titan skeletons
  3 sea snakes
  27 death drakes
  5 ghost moth zombies
  12 gelid demonspawn (Pan)
  2 sea snakes (shapeshifter)
  13 spatial maelstroms
  18 naga ritualists
  2 cherubim (D:9)
  8 storm dragon skeletons
  A death drake (shapeshifter) (Zig:8)
  3 spark wasp zombies (Depths:4)
  4 bog bodies
  A spriggan druid (Zig:27)
  8 torturous demonspawn (Pan)
  35 flayed ghosts
  32 swamp dragons
  17 shadow dragon zombies
  74 deep trolls
  10 infernal demonspawn
  An iron giant skeleton (Crypt:2)
  A deep troll (shapeshifter) (Zig:18)
  6 glowing orange brains
  5 harpies
  16 deep elf archers
  17 wizards
  23 anaconda zombies
  66 phantasmal warriors
  A goliath frog (shapeshifter) (Zig:23)
  4 lindwurms (shapeshifter)
  20 orc knights
  3 orange crystal statues (Zig:12)
  An obsidian statue (Depths:3)
  34 ironbound convokers
  23 deep elf zephyrmancers
  10 lindwurms
  132 large abominations
  48 shadow demons
  32 necromancers
  25 orb spiders
  3 sphinx zombies
  An orb spider (shapeshifter) (Depths:4)
  A wolf spider (shapeshifter) (Zig:22)
  16 wolf spiders
  15 wolf spider zombies
  3 shining eyes (shapeshifter)
  A glowing shapeshifter (Zig:26)
  13 anaconda skeletons
  An oklob plant (Lair:6)
  12 will-o-the-wisps
  11 orc sorcerers
  28 deep elf pyromancers
  16 golden dragon skeletons
  23 fire giant zombies
  19 shadow dragon skeletons
  12 mana vipers
  A faun (shapeshifter) (Zig:12)
  18 stone giant zombies
  A moth of wrath (shapeshifter) (Vaults:5)
  A cyclops (shapeshifter) (Zig:22)
  83 ugly things
  7 tengu skeletons
  31 salamanders
  5 cyclopes
  12 shining eyes
  22 iron dragon zombies
  8 worldbinders
  3 sphinx skeletons
  A manticore (shapeshifter) (Zig:23)
  29 moths of wrath
  Maurice (D:8)
  15 frost giant zombies
  3 shock serpent zombies
  8 manticores
  4 elephants (shapeshifter)
  19 frost giant skeletons
  21 guardian serpents
  14 fire giant skeletons
  A merfolk siren (Zig:26)
  48 black mambas
  15 dire elephant zombies
  An ice statue (Zig:12)
  15 iron dragon skeletons
  128 rust devils
  16 elephants
  Joseph (D:7)
  2 water nymphs (shapeshifter)
  A guardian serpent (shapeshifter) (Zig:19)
  20 vault sentinels
  18 eyes of devastation
  12 apocalypse crabs
  28 naga magi
  19 stone giant skeletons
  3 titan simulacra
  18 elf zombies
  16 molten gargoyles
  14 dire elephant skeletons
  8 torpor snails
  A storm dragon simulacrum (Tar:3)
  42 orange demons
  6 catoblepas zombies
  A red draconian zombie (Dis:3)
  2 shock serpent skeletons
  12 cane toads
  5 emperor scorpion zombies
  6 rime drakes
  A yellow draconian zombie (Tar:6)
  2 sea snake zombies (Hell)
  3 kobold demonologists
  3 unseen horrors
  2 gargoyles
  A komodo dragon (shapeshifter) (Elf:1)
  107 smoke demons
  A yaktaur (shapeshifter) (Zig:26)
  71 ice devils
  112 hellions
  35 yaktaurs
  A golden dragon simulacrum (Zig:13)
  A green draconian zombie (Geh:7)
  51 hellwings
  126 tormentors
  12 ancient zymes
  An unseen horror (shapeshifter) (Vaults:5)
  45 demonic crawlers
  A redback zombie (Crypt:1)
  56 freezing wraiths
  27 efreet
  An anaconda simulacrum (Hell)
  A black draconian skeleton (Tar:7)
  133 red devils
  7 silent spectres
  28 hydra zombies
  A white draconian skeleton (Crypt:2)
  74 guardian mummies
  15 komodo dragons
  4 tengu conjurers
  A catoblepas skeleton (Tar:1)
  A jumping spider (shapeshifter) (Zig:19)
  A merfolk (shapeshifter) (Zig:8)
  A merfolk (Zig:26)
  7 harpy zombies
  2 bloated husks
  3 hornets (shapeshifter)
  A tengu simulacrum (Depths:4)
  11 trolls
  3 polar bears
  A troll (shapeshifter) (D:15)
  A shadow dragon simulacrum (Depths:4)
  29 hornets
  Prince Ribbit (D:5)
  2 snapping turtles (Zig:26)
  7 wind drakes
  11 alligator zombies
  11 blink frogs
  A wind drake (shapeshifter) (Zig:24)
  3 harpy skeletons
  13 tyrant leeches
  24 ice dragon zombies
  16 jumping spiders
  14 hydra skeletons
  115 slime creatures
  2 spriggan zombies
  4 dream sheep (Lair:5)
  17 raiju
  21 ettin zombies
  15 fire dragon zombies
  2 fire giant simulacra
  2 frost giant simulacra
  A slime creature (shapeshifter) (Zig:10)
  290 flying skulls
  89 starcursed masses
  9 black mamba zombies
  9 elf skeletons
  2 snapping turtles (shapeshifter) (Zig:18)
  A redback (shapeshifter) (Zig:10)
  Sigmund (D:4)
  A dire elephant simulacrum (Coc:7)
  22 water elementals
  5 air elementals (Zig:17)
  21 redbacks
  A yak (shapeshifter) (Zig:26)
  11 spriggans
  15 ice dragon skeletons
  65 shadows
  A tarantella (shapeshifter) (Zig:23)
  5 vampires
  6 alligator skeletons
  12 black mamba skeletons
  19 tarantellas
  102 ynoxinuls
  9 spriggan skeletons
  122 wraiths
  3 wyverns
  23 ettin skeletons
  16 fire dragon skeletons
  35 yaks
  2 basilisks (shapeshifter)
  3 basilisks
  8 fire bats
  50 ushabtiu
  8 golden eyes
  31 fire elementals
  32 vampire mosquitoes
  94 chaos spawn
  56 neqoxecs
  7 steam dragons
  2 spriggan simulacra
  8 wargs
  81 nagas
  6 spatial vortices
  9 acid dragons
  2 hydra simulacra
  Edmund (D:6)
  A merfolk zombie (Dis:5)
  18 swamp worms
  13 cane toad zombies
  A floating eye (shapeshifter) (Zig:26)
  A two-headed ogre skeleton (Crypt:3)
  6 floating eyes
  217 hell hounds
  12 water moccasins
  A meliai simulacrum (D:14)
  2 black bears
  A hornet zombie (D:8)
  56 orc warriors
  12 swamp drakes
  An ice beast (shapeshifter) (Vaults:5)
  6 cane toad skeletons
  An ogre (shapeshifter) (Zig:23)
  An alligator simulacrum (Coc:7)
  18 snapping turtle zombies
  An ice dragon simulacrum (Tomb:3)
  2 black bears (shapeshifter)
  A sky beast (D:8)
  10 ogres
  2 swamp dragon zombies
  2 boggarts (shapeshifter)
  7 manticore zombies
  18 ice beasts
  61 necrophages
  A dream sheep skeleton (Crypt:2)
  A centaur (shapeshifter) (Zig:22)
  A tengu (shapeshifter) (Zig:22)
  6 wolves
  10 centaurs
  A lemure (D:7)
  5 manticore skeletons
  3 swamp dragon skeletons
  22 phantoms
  11 snapping turtle skeletons
  2 kobold brigands
  Blork the orc (D:5)
  18 bullfrogs
  9 gnoll sergeants
  A scorpion (D:4)
  6 earth elementals
  A wyvern skeleton (D:5)
  2 water moccasin zombies (Ossuary)
  3 troll zombies
  2 water moccasin skeletons
  7 killer bees (D:9)
  236 wights
  3 howler monkeys
  5 electric eels
  A troll skeleton (Pan)
  4 centaur zombies
  14 crimson imps
  A bullfrog zombie (D:3)
  8 human zombies
  16 orc priests
  7 hounds
  3 jellies
  7 centaur skeletons
  6 gnoll shamans (Bailey)
  95 iron imps
  A scorpion zombie (Crypt:1)
  Ijyb (D:4)
  5 iguanas
  4 human skeletons
  20 orc wizards
  7 hell rats (Lair:6)
  35 small abominations
  12 tengu zombies
  3 ogre zombies
  An acid dragon skeleton (Crypt:2)
  5 naga skeletons
  An ogre skeleton (Crypt:1)
  A human simulacrum (Coc:7)
  138 mummies
  A howler monkey zombie (D:6)
  30 gnolls
  6 adders
  28 shadow imps
  25 white imps
  6 ufetubi
  4 adder zombies (Ossuary)
  2 halfling skeletons
  A worm (D:3)
  A dart slug (D:3)
  67 orcs
  7 ball pythons
  10 endoplasms
  2 giant cockroaches
  2 gnoll zombies (Ossuary)
  7 goblins
  6 hobgoblins
  6 jackals (D:2)
  A jackal (shapeshifter) (Zig:23)
  10 kobolds
  2 quokkas
  2 bats (D:2)
  A bat (shapeshifter) (Zig:19)
  4 frilled lizards
  2 giant cockroach zombies
  6 hobgoblin zombies (Ossuary)
  2 kobold skeletons (Geh:1)
  4 kobold zombies (Ossuary)
  2 orc skeletons
  5 orc zombies
  9 rats
  A river rat skeleton (Crypt:3)
  A ball lightning (Pan)
  2 bushes (Abyss:3)
  2 fire vortices (Zig:19)
  19 starspawn tentacles
  3 tentacles (Coc:1)
9828 creatures vanquished.

Vanquished Creatures (collateral kills)
  2 royal mummies (Zig:27)
  A rockslime (Slime:5)
  An azure jelly (Slime:5)
  A nagaraja (Zig:26)
  An alligator snapping turtle (Zig:26)
  A merfolk aquamancer (Zig:26)
  An iron dragon skeleton (Zig:27)
  4 slime creatures (Slime:5)
  A moth of wrath (Zig:26)
  A mummy (Zig:27)
  A starspawn tentacle (Zig:24)
15 creatures vanquished.

Vanquished Creatures (others)
  A Killer Klown (Zig:19)
  A golden dragon (Zig:22)
  2 tentacled monstrosities (Zig:26)
  An eldritch tentacle (Pan)
  A tengu reaver (Depths:1)
  2 nagarajas (Zig:26)
  A fire giant (Depths:2)
  A ghost moth (Zig:26)
  An elemental wellspring (Coc:5)
  A very ugly thing (Zig:23)
  A yellow draconian (Zot:2)
  A merfolk javelineer (Zig:26)
  A naga warrior (Zig:25)
  A bunyip (shapeshifter) (Zig:23)
  An alligator (Zig:26)
  A hell hog (Geh:3)
  A soul eater (Pan)
  2 death drakes (Zig:27)
  An anaconda zombie (Geh:7)
  A swamp dragon (Zig:26)
  2 deep elf pyromancers
  A manticore (Zig:26)
  3 ugly things (Zig:23)
  A manticore (shapeshifter) (Zig:23)
  2 moths of wrath
  A guardian serpent (Zig:26)
  A smoke demon (Pan)
  A water nymph (shapeshifter) (Zig:23)
  An orange demon (Pan)
  4 rime drakes (Zig:22)
  A rime drake (shapeshifter) (Zig:23)
  An ice devil (Pan)
  An ancient zyme (Zig:24)
  2 bloated husks (Swamp:1)
  A shapeshifter (Zig:19)
  A tarantella (shapeshifter) (Zig:23)
  A tarantella (Zig:26)
  2 ynoxinuls (Pan)
  A human (D:10)
  A wraith (Zig:15)
  2 wyverns
  An elf simulacrum (Zig:24)
  3 chaos spawn
  A vampire mosquito (Swamp:1)
  A large abomination (Zig:24)
  2 small abominations (Abyss:1)
  3 acid dragons
  A hell hound (Geh:6)
  A tengu (shapeshifter) (Zig:23)
  2 wights
  A jelly (Abyss:1)
  An iron imp (Dis:5)
  An iguana (shapeshifter) (Zig:23)
  A mummy (Tomb:2)
  A worm (shapeshifter) (Zig:23)
  A kobold skeleton (Geh:7)
  2 ball lightnings (Pan)
  4 bushes
  13 demonic plants (Abyss:3)
  85 fire vortices
  36 foxfires
  45 fungi
  2 lurking horrors
  53 plants
  37 starspawn tentacles
  4 tentacles (Coc:1)
356 creatures vanquished.

Grand Total: 10199 creatures vanquished

Notes
Turn   | Place    | Note
-------+----------+-------------------------------------------
     0 | D:1      | mojorge the Naga Warper began the quest for the Orb.
     0 | D:1      | Reached XP level 1. HP: 19/19 MP: 3/3
   483 | D:1      | Reached XP level 2. HP: 26/26 MP: 5/5
   835 | D:1      | Learned a level 2 spell: Blink
  1024 | D:2      | Reached XP level 3. HP: 24/32 MP: 6/6
  1132 | D:2      | Learned a level 3 spell: Teleport Other
  1430 | D:2      | Found a faded altar of an unknown god.
  1852 | D:2      | Reached XP level 4. HP: 21/39 MP: 2/7
  2261 | D:3      | Found a large runed translucent door.
  2261 | D:3      | Found a large runed translucent door.
  2598 | D:3      | Reached skill level 1 in Slings
  2864 | D:3      | Reached skill level 5 in Translocations
  2870 | D:3      | Reached XP level 5. HP: 26/45 MP: 5/8
  3555 | D:3      | Found a snail-covered altar of Cheibriados.
  3560 | D:3      | Became a worshipper of Cheibriados the Contemplative
  3565 | D:3      | Found an ornate altar of the Wu Jian Council.
  3821 | D:4      | Noticed Ijyb
  3840 | D:4      | Killed Ijyb
  3841 | D:4      | Reached XP level 6. HP: 52/52 MP: 6/9
  4122 | D:4      | Found Goqu's Distillery.
  4130 | D:4      | Bought a potion of heal wounds for 65 gold pieces
  4130 | D:4      | Bought a potion of curing for 39 gold pieces
  4646 | D:4      | Noticed Sigmund
  4656 | D:4      | Killed Sigmund
  4656 | D:4      | Reached * piety under Cheibriados
  4657 | D:4      | Reached XP level 7. HP: 45/60 MP: 10/10
  4977 | D:5      | Entered Level 5 of the Dungeon
  5093 | D:5      | Reached skill level 5 in Slings
  5093 | D:5      | Found a broken altar of Ashenzari.
  5096 | D:5      | Noticed Prince Ribbit
  5118 | D:5      | Noticed Blork the orc
  5249 | D:5      | Reached XP level 8. HP: 29/69 MP: 8/11
  5498 | D:5      | Killed Prince Ribbit
  5675 | D:5      | Killed Blork the orc
  5891 | D:5      | Found a hazy altar of Hepliaklqana.
  6296 | D:5      | Learned a level 3 spell: Lesser Beckoning
  6358 | D:6      | Reached ** piety under Cheibriados
  6386 | D:6      | Found a sand-covered staircase.
  6396 | Ossuary  | Entered an ossuary
  7059 | D:6      | Found a hide-covered altar of Uskayaw.
  7134 | D:6      | Reached *** piety under Cheibriados
  7135 | D:6      | Reached XP level 9. HP: 73/78 MP: 12/12
  7182 | D:6      | Found a shimmering altar of Xom.
  7207 | D:6      | Reached skill level 1 in Armour
  7318 | D:6      | Found a burning altar of Makhleb.
  7318 | D:6      | Found a radiant altar of Vehumet.
  7507 | D:6      | Noticed Edmund
  7525 | D:6      | Killed Edmund
  8248 | D:7      | Found a staircase to the Ecumenical Temple.
  8250 | D:7      | Noticed Joseph
  8394 | D:7      | Killed Joseph
  8395 | D:7      | Reached skill level 1 in Shields
  8642 | D:7      | Noticed a two-headed ogre
  8663 | D:7      | Found a glowing golden altar of the Shining One.
  9057 | D:7      | Found a sparkling altar of Nemelex Xobeh.
  9272 | D:7      | Killed a two-headed ogre
  9273 | D:7      | Reached skill level 5 in Shields
  9273 | D:7      | Reached XP level 10. HP: 79/85 MP: 5/13
  9935 | D:8      | Noticed Maurice
  9966 | D:8      | Killed Maurice
 10183 | D:8      | Found a transporter.
 10275 | D:8      | Noticed jestyr24's ghost (novice DrCj)
 10280 | D:8      | Found a transporter.
 10294 | D:8      | Reached **** piety under Cheibriados
 10954 | D:8      | Found a blossoming altar of Fedhas.
 11301 | D:9      | Found a staircase to the Orcish Mines.
 11484 | D:9      | Reached ***** piety under Cheibriados
 11605 | D:9      | Found a staircase to the Lair.
 11685 | D:9      | Reached skill level 10 in Slings
 12201 | D:9      | Reached XP level 11. HP: 30/92 MP: 0/15
 12908 | D:9      | Noticed a two-headed ogre
 12922 | D:9      | Killed a two-headed ogre
 13353 | D:10     | Entered Level 10 of the Dungeon
 13808 | D:10     | Found Cyidye's Antique Weapon Shoppe.
 13834 | D:10     | Noticed a two-headed ogre
 13847 | D:10     | Killed a two-headed ogre
 14212 | D:10     | Found a runed translucent door.
 14224 | D:10     | Found a basalt altar of Yredelemnul.
 15441 | D:11     | Noticed a manticore
 15450 | D:11     | Killed a manticore
 15568 | D:11     | Reached skill level 5 in Fighting
 16151 | D:12     | Reached ****** piety under Cheibriados
 16154 | D:12     | Found a flagged portal.
 16223 | Bailey   | Entered a bailey
 17330 | D:12     | Reached XP level 12. HP: 103/103 MP: 16/16
 17970 | D:12     | Noticed a four-headed hydra
 17988 | D:12     | Killed a four-headed hydra
 18580 | Lair:1   | Entered Level 1 of the Lair of Beasts
 18724 | Lair:1   | Reached skill level 1 in Invocations
 19729 | Lair:2   | Reached skill level 5 in Unarmed Combat
 20121 | Lair:2   | Found a staircase to the Swamp.
 20374 | Lair:2   | Identified a scroll of acquirement
 20375 | Lair:2   | Acquired 766 gold pieces
 21049 | Lair:3   | Gained mutation: You can use your snake-like lower body to
                  | constrict enemies. [Naga growth]
 21049 | Lair:3   | Reached XP level 13. HP: 67/117 MP: 5/17
 21328 | Lair:3   | Found a staircase to the Snake Pit.
 21351 | Lair:3   | Reached skill level 5 in Invocations
 22218 | Lair:3   | Noticed Nergalle
 22233 | Lair:3   | Killed Nergalle
 22234 | Lair:3   | Reached skill level 5 in Dodging
 23265 | Lair:4   | Acquired a +0 vorpal fustibalus
 23775 | Lair:5   | Reached skill level 10 in Unarmed Combat
 23793 | Lair:5   | Reached XP level 14. HP: 93/126 MP: 16/19
 23996 | Lair:5   | Found a runed translucent door.
 23996 | Lair:5   | Found a viscous altar of Jiyva.
 23996 | Lair:5   | Found a staircase to the Slime Pits.
 25236 | Lair:6   | Entered Level 6 of the Lair of Beasts
 26458 | Lair:6   | Noticed a dire elephant
 26458 | Lair:6   | Noticed a dire elephant
 26472 | Lair:6   | Killed a dire elephant
 26490 | Lair:6   | Killed a dire elephant
 26539 | Lair:6   | Identified the +1 scale mail of Classification {+Blink}
 26542 | Lair:6   | Identified the +8 battleaxe "Kerracav" {pain, *Corrode
                  | +Rage rC+ Stlth+}
 26614 | Lair:6   | Noticed a dire elephant
 26630 | Lair:6   | Killed a dire elephant
 26666 | Lair:6   | Noticed a dire elephant
 26682 | Lair:6   | Noticed a dire elephant
 26683 | Lair:6   | Killed a dire elephant
 26701 | Lair:6   | Killed a dire elephant
 26803 | Lair:6   | Noticed a dire elephant
 26827 | Lair:6   | Killed a dire elephant
 27068 | Orc:1    | Entered Level 1 of the Orcish Mines
 27278 | Orc:2    | Entered Level 2 of the Orcish Mines
 27375 | Orc:2    | Reached XP level 15. HP: 132/132 MP: 20/20
 27799 | Orc:2    | Found Xowydeg's Magic Scroll Shoppe.
 27799 | Orc:2    | Found Qihereme's Weapon Boutique.
 27818 | Orc:2    | Found Fuhi's Book Boutique.
 27818 | Orc:2    | Found Wesmyf Lasu's Jewellery Shoppe.
 27831 | Orc:2    | Bought a scroll of teleportation for 42 gold pieces
 27861 | Orc:2    | Found a staircase to the Elven Halls.
 28734 | Snake:1  | Entered Level 1 of the Snake Pit
 28820 | Snake:1  | Found a sacrificial altar of Ru.
 29631 | Snake:2  | Reached skill level 5 in Armour
 29991 | Snake:2  | Identified the +0 pair of gloves of the Jabberwock {rF+}
 30732 | Snake:3  | Noticed Jorgrun
 30744 | Snake:3  | Killed Jorgrun
 31028 | Snake:3  | Reached XP level 16. HP: 144/144 MP: 22/22
 31289 | Snake:3  | Reached skill level 10 in Fighting
 31395 | Snake:3  | Identified the +7 spear of Discord {venom, rElec}
 31637 | Snake:3  | Noticed Vashnia
 31978 | Snake:3  | Killed Vashnia
 32638 | Snake:4  | Entered Level 4 of the Snake Pit
 33155 | Snake:4  | Found Eptehuisyv's Antique Armour Shoppe.
 33158 | Snake:4  | Found Ycudos's Armour Emporium.
 33158 | Snake:4  | Found Wually's General Store.
 33161 | Snake:4  | Found Iloiwawn's Jewellery Emporium.
 33175 | Snake:4  | Bought a scroll of enchant armour for 127 gold pieces
 33179 | Snake:4  | Bought a glowing kite shield for 217 gold pieces
 33480 | Snake:4  | Noticed a nagaraja
 33483 | Snake:4  | Noticed a nagaraja
 33495 | Snake:4  | Killed a nagaraja
 33506 | Snake:4  | Killed a nagaraja
 33825 | Snake:4  | Reached XP level 17. HP: 159/159 MP: 24/24
 34071 | Snake:4  | Reached skill level 10 in Invocations
 34992 | Snake:4  | Got a serpentine rune of Zot
 35371 | Snake:4  | Identified the ring of Ecuehic {rPois rC+ AC+4 Slay+2}
 36067 | Swamp:1  | Entered Level 1 of the Swamp
 36108 | Swamp:1  | You fall into a shaft and drop 1 floor!
 36346 | Swamp:2  | Reached XP level 18. HP: 168/168 MP: 27/27
 37097 | Swamp:1  | Reached skill level 15 in Unarmed Combat
 37774 | Swamp:3  | Noticed a tentacled monstrosity
 37784 | Swamp:3  | Killed a tentacled monstrosity
 38718 | Swamp:4  | Entered Level 4 of the Swamp
 39582 | Swamp:4  | Got a decaying rune of Zot
 39661 | Swamp:4  | Learned a level 1 spell: Apportation
 40310 | Orc:2    | Bought a scroll of enchant armour for 105 gold pieces
 40310 | Orc:2    | Bought a scroll of enchant weapon for 105 gold pieces
 40310 | Orc:2    | Bought a scroll of enchant armour for 105 gold pieces
 40354 | Elf:1    | Entered Level 1 of the Elven Halls
 40363 | Elf:1    | Reached XP level 19. HP: 175/175 MP: 28/28
 40408 | Elf:1    | Found Pydick's General Store.
 40417 | Elf:1    | Bought a scroll of enchant armour for 112 gold pieces
 40417 | Elf:1    | Bought a potion of invisibility for 120 gold pieces
 40459 | Elf:1    | Noticed Azrael
 40470 | Elf:1    | Killed Azrael
 40564 | Elf:1    | Found Ingaylet's Antique Armour Shop.
 40991 | Elf:1    | Found Naeroiwk's General Store.
 41046 | Elf:1    | Bought a scroll of enchant armour for 120 gold pieces
 41197 | Elf:1    | Identified the +5 robe of Compression {Fly}
 41351 | Elf:1    | Found Toeghe's Antique Armour Boutique.
 41375 | Elf:1    | Bought a glowing plate armour for 754 gold pieces
 42056 | Elf:2    | Found Lesch's Magic Scroll Shop.
 42062 | Elf:2    | Identified Roxanne's Almanac of Transmutation
 42062 | Elf:2    | Noticed Roxanne
 42068 | Elf:2    | Bought a scroll of acquirement for 624 gold pieces
 42068 | Elf:2    | Acquired a manual of Fighting
 42071 | Elf:2    | Bought a scroll of teleportation for 36 gold pieces
 42071 | Elf:2    | Bought a scroll of teleportation for 36 gold pieces
 42220 | Elf:2    | Found a runed translucent gate.
 42220 | Elf:2    | Found a runed translucent gate.
 42222 | Elf:2    | Found a runed translucent gate.
 42272 | Elf:2    | Noticed Saint Roka
 42302 | Elf:2    | Killed Saint Roka
 44065 | D:13     | Found a gate to the Vaults.
 44740 | D:14     | Reached skill level 15 in Fighting
 44781 | D:14     | Reached XP level 20. HP: 187/194 MP: 29/29
 45026 | D:14     | Found an ornate altar of the Wu Jian Council.
 45150 | D:15     | Entered Level 15 of the Dungeon
 45638 | D:15     | Found a staircase to the Depths.
 46015 | Vaults:1 | Entered Level 1 of the Vaults
 46288 | Vaults:1 | Learned a level 4 spell: Passage of Golubria
 46604 | Vaults:1 | Acquired a manual of Dodging
 47068 | Vaults:1 | Reached skill level 10 in Dodging
 47229 | Vaults:1 | Noticed Aizul
 47236 | Vaults:1 | Killed Aizul
 48153 | Vaults:2 | Reached XP level 21. HP: 202/208 MP: 30/30
 49465 | Vaults:2 | Found a staircase to the Crypt.
 49865 | Vaults:3 | Noticed Asterion
 49878 | Vaults:3 | Killed Asterion
 50050 | Vaults:3 | Reached skill level 15 in Dodging
 50337 | Vaults:3 | Found the +3 robe of Folly {Archmagi, Will-- Int+5}
 50338 | Vaults:3 | Found the +0 mask of the Dragon {Will+ Slay+3 SInv}
 50375 | Vaults:3 | Found a radiant altar of Vehumet.
 50415 | Vaults:3 | Identified the +0 robe "Etog" {Int+4}
 51107 | Vaults:4 | Reached skill level 5 in Spellcasting
 51122 | Vaults:4 | Reached XP level 22. HP: 203/217 MP: 31/31
 51266 | Vaults:4 | Found a portal to a secret trove of treasure.
 52516 | Vaults:5 | Entered Level 5 of the Vaults
 52529 | Vaults:5 | Reached skill level 10 in Spellcasting
 52539 | Vaults:5 | Noticed an ancient lich
 52900 | Vaults:5 | Reached XP level 23. HP: 219/224 MP: 37/37
 53019 | Vaults:5 | Reached skill level 1 in Stealth
 53027 | Vaults:5 | Killed an ancient lich
 53028 | Vaults:5 | Reached skill level 5 in Stealth
 53099 | Vaults:5 | Got a silver rune of Zot
 53604 | Vaults:5 | Gained mutation: You are clumsy. (Dex -2) [a shining eye]
 53793 | Vaults:5 | Noticed an ancient lich
 53803 | Vaults:5 | Killed an ancient lich
 53804 | Vaults:5 | Reached skill level 10 in Armour
 53804 | Vaults:5 | Reached skill level 10 in Shields
 53855 | Vaults:5 | Identified the +5 mace of Righteous Anger {speed, *Slow
                  | +Blink rElec Stlth-}
 53856 | Vaults:5 | Identified the +8 hand crossbow "Demonbane" {penet, +Blink
                  | rF+++ Int+2 Dex-4}
 53858 | Vaults:5 | Identified the amulet "Olipiut" {rF++ Regen+ Str+4 Dex-3}
 53863 | Vaults:5 | Acquired a manual of Fighting
 53958 | Vaults:5 | Identified the +0 scimitar "Cunoh" {drain, *Rage rF+++ rC-
                  | Int+8}
 54438 | Vaults:5 | Found Dicilauk's Armour Boutique.
 55320 | Elf:3    | Entered Level 3 of the Elven Halls
 55328 | Elf:3    | Reached XP level 24. HP: 231/232 MP: 37/37
 55488 | Elf:3    | Identified the ring of Voutuiri {rN+ Will- MP+9 Stlth+}
 55691 | Elf:3    | Identified the +5 plate armour "Harhu" {Drain rElec rN+
                  | Str+2}
 55877 | Elf:3    | Identified the +4 rapier "Qixkus" {flame, *Slow rElec rF+
                  | rN++}
 56209 | Elf:3    | Reached XP level 25. HP: 253/253 MP: 37/37
 56342 | Elf:3    | Identified Hagojow's Handbook of Changing
 56352 | Elf:3    | Identified the +7 triple crossbow "Luone" {freeze, rPois
                  | rF+ Int-2 Dex+4}
 56356 | Elf:3    | Identified the Almanac of Darkness and the Arsonist
 56656 | Elf:3    | Gained mutation: You are frail. (-10% HP) [mutagenic glow]
 56704 | Elf:3    | Lost mutation: You are clumsy. (Dex -2) [potion of
                  | mutation]
 56704 | Elf:3    | Lost mutation: You are frail. (-10% HP) [potion of
                  | mutation]
 56704 | Elf:3    | Gained mutation: Your body sometimes deteriorates upon
                  | taking damage. [potion of mutation]
 56704 | Elf:3    | Gained mutation: You have a beak for a mouth. [potion of
                  | mutation]
 56704 | Elf:3    | Gained mutation: Your tail ends in a poisonous barb.
                  | [potion of mutation]
 57079 | Crypt:1  | Entered Level 1 of the Crypt
 57634 | Crypt:1  | Identified the +6 spear of Dismemberment {flame, Str+8
                  | Int-3 Dex-5 Stlth+}
 57721 | Crypt:1  | Identified the +5 long sword "Etwop" {pain, Stlth+}
 58634 | Crypt:2  | Found a runed translucent door.
 58635 | Crypt:2  | Noticed Paets's ghost (adept GrFi)
 59130 | Crypt:2  | Killed Paets's ghost
 59209 | Crypt:3  | Entered Level 3 of the Crypt
 59644 | Crypt:2  | Found an ancient bone altar of Kikubaaqudgha.
 59750 | Crypt:3  | Found a staircase to the Tomb.
 59920 | Crypt:3  | Paralysed by a vampire knight for 7 turns
 59930 | Crypt:3  | Reached XP level 26. HP: 92/262 MP: 27/37
 60210 | Crypt:3  | Found a basalt altar of Yredelemnul.
 60814 | Crypt:3  | Found the +7 great mace "Undeadhunter" {disrupt, rN+}
 61121 | Crypt:3  | Identified the +3 quarterstaff of Inflation {distort, rPois
                  | rF+}
 61473 | D:8      | Killed jestyr24's ghost
 61822 | Slime:1  | Entered Level 1 of the Pits of Slime
 62685 | Slime:2  | Reached skill level 15 in Shields
 63462 | Slime:3  | Found a viscous altar of Jiyva.
 63475 | Slime:3  | Gained mutation: You occasionally shout uncontrollably at
                  | your foes. [a shining eye]
 63477 | Slime:3  | Gained mutation: Your body often deteriorates upon taking
                  | damage. [a shining eye]
 63622 | Slime:3  | Gained mutation: You are weak. (Str -2) [a shining eye]
 64764 | Slime:5  | Entered Level 5 of the Pits of Slime
 64771 | Slime:5  | Gained mutation: You sometimes lose the ability to read
                  | scrolls when taking damage. [a shining eye]
 64773 | Slime:5  | Gained mutation: Your magical capacity is low. (-10% MP) [a
                  | shining eye]
 65004 | Slime:5  | Noticed the Royal Jelly
 65019 | Slime:5  | Lost mutation: Your body often deteriorates upon taking
                  | damage. [potion of mutation]
 65019 | Slime:5  | Lost mutation: You sometimes lose the ability to read
                  | scrolls when taking damage. [potion of mutation]
 65019 | Slime:5  | Lost mutation: Your tail ends in a poisonous barb. [potion
                  | of mutation]
 65019 | Slime:5  | Lost mutation: You occasionally shout uncontrollably at
                  | your foes. [potion of mutation]
 65019 | Slime:5  | Gained mutation: Your flesh is heat resistant. (rF+)
                  | [potion of mutation]
 65019 | Slime:5  | Lost mutation: Your flesh is heat resistant. (rF+) [potion
                  | of mutation]
 65019 | Slime:5  | Gained mutation: You are partially covered in iridescent
                  | scales. (AC +2) [potion of mutation]
 65280 | Slime:5  | Gained mutation: You are robust. (+10% HP) [a shining eye]
 65283 | Slime:5  | Killed the Royal Jelly
 65284 | Slime:5  | Reached XP level 27. HP: 163/297 MP: 4/35
 65566 | Slime:5  | Identified the ring of Descent {Contam rPois Will+ rCorr
                  | Stlth+}
 65594 | Slime:5  | Identified the +8 great sword of Amortisation {flame, rCorr
                  | Str+3}
 65632 | Slime:5  | Identified the +11 broad axe "Mutuf" {vamp, +Rage rPois
                  | Str-2 Dex+9}
 65646 | Slime:5  | Got a slimy rune of Zot
 65649 | Slime:5  | Identified the ring of Propriety {rElec rCorr Slay+2}
 65677 | Slime:5  | Learned a level 6 spell: Statue Form
 66419 | Depths:1 | Entered Level 1 of the Depths
 66452 | Depths:1 | Reached skill level 1 in Transmutations
 66545 | Depths:1 | Found a gateway to Hell.
 66718 | Depths:1 | Identified the ring of Tuklen {Fire Slay+3}
 66726 | Depths:1 | Found a gateway to a ziggurat.
 66836 | Depths:1 | Noticed Agnes
 66836 | Depths:1 | Noticed Sojobo
 66839 | Depths:1 | Killed Agnes
 66851 | Depths:1 | Reached skill level 5 in Transmutations
 66854 | Depths:1 | Killed Sojobo
 67456 | Depths:1 | Learned a level 6 spell: Blade Hands
 67717 | Depths:2 | Found a runed translucent gate.
 67717 | Depths:2 | Found an ancient bone altar of Kikubaaqudgha.
 67734 | Depths:2 | Found a runed translucent gate.
 67738 | Depths:2 | Found a runed translucent gate.
 67738 | Depths:2 | Noticed a dread lich
 67738 | Depths:2 | Noticed Yjydghau's ghost (adept DsGl)
 67738 | Depths:2 | Noticed an ancient lich
 67739 | Depths:2 | Noticed an ancient lich
 67845 | Depths:2 | Reached skill level 10 in Transmutations
 68484 | Depths:2 | Identified the ring "Ileoffy" {*Slow rPois rF+ Int+3}
 68509 | Depths:2 | Identified the +2 leather armour "Buwokh" {Regen+ Str-3
                  | Int+4}
 68629 | Depths:2 | Reached skill level 10 in Translocations
 69516 | Depths:3 | Found a one-way gate leading to the halls of Pandemonium.
 69789 | Depths:3 | Identified the +0 chain mail "Ehuipeps" {Will+ Str+4 Int-2}
 69913 | Depths:3 | Found Votole's Jewellery Boutique.
 69913 | Depths:3 | Found Winluqavva's Book Shoppe.
 69914 | Depths:3 | Found Doujun's Jewellery Boutique.
 69966 | Depths:3 | Reached skill level 1 in Earth Magic
 70193 | Depths:3 | Found a corrupted altar of Lugonu.
 70193 | Depths:3 | Found a one-way gate to the infinite horrors of the Abyss.
 70418 | Depths:3 | Learned a level 3 spell: Portal Projectile
 70796 | Depths:4 | Noticed Mara
 70801 | Depths:4 | Noticed mojorge's illusion
 70817 | Depths:4 | Killed Mara
 70866 | Depths:4 | Found a magical portal.
 70964 | Depths:4 | Reached skill level 5 in Earth Magic
 71064 | Depths:4 | Found a transporter.
 71066 | Depths:4 | Found a transporter.
 71155 | Depths:4 | Found a bloodstained altar of Trog.
 71177 | Depths:4 | Identified the +7 tower shield of the Barracuda {Harm}
 71271 | Depths:4 | Noticed Latzuirhuv's ghost (adept HaHu)
 71297 | Depths:4 | Found an ancient bone altar of Kikubaaqudgha.
 72681 | Depths:4 | Learned a level 9 spell: Shatter
 72712 | Depths:5 | Entered Level 5 of the Depths
 73230 | Depths:5 | Found a shadowy altar of Dithmenos.
 73664 | Depths:5 | Noticed a juggernaut
 73676 | Depths:5 | Killed a juggernaut
 73677 | Depths:5 | Reached skill level 10 in Earth Magic
 74099 | Depths:5 | Found a gate to the Realm of Zot.
 74272 | Depths:5 | Identified the +0 helmet of the Desert {-Cast rF+++ Str-4
                  | Slay+4}
 74273 | Depths:5 | Identified the Tome of the Shifting Voyage
 75328 | Vaults:5 | Identified the +1 plate armour "Umpubyrr" {rF+}
 75630 | Depths:2 | Acquired 562 gold pieces
 75637 | Depths:2 | Killed an ancient lich
 75637 | Depths:2 | Killed an ancient lich
 75638 | Depths:2 | Killed a dread lich
 75639 | Depths:2 | Killed Yjydghau's ghost
 75647 | Depths:2 | Identified the +0 cloak of Yveczop {rElec rC+}
 75650 | Depths:2 | Identified the ring of the Sun {rC- rN+ Will+ Dex+6}
 75731 | Depths:4 | Killed Latzuirhuv's ghost
 75740 | Depths:4 | Paralysed by a floating eye for 4 turns
 76335 | Elf:3    | Acquired the ring "Wistrylou" {rElec rN+ rCorr Dex+3}
 76817 | Depths:4 | Identified the +2 cloak of Chill Winds {Regen+}
 76984 | Hell     | Entered the Vestibule of Hell
 76994 | Hell     | Noticed Geryon
 77003 | Hell     | Gained mutation: Your magical capacity is very low. (-20%
                  | MP) [a cacodemon]
 77149 | Depths:4 | Learned a level 5 spell: Manifold Assault
 77173 | Hell     | Killed Geryon
 77352 | Hell     | Found a gateway to the freezing wastes of Cocytus.
 77451 | Hell     | Found a gateway to the decaying netherworld of Tartarus.
 77537 | Hell     | Found a gateway to the Iron City of Dis.
 77577 | Hell     | Found a gateway to the ashen valley of Gehenna.
 77958 | Dis:1    | Entered Level 1 of the Iron City of Dis
 79328 | Dis:2    | Reached skill level 27 in Unarmed Combat
 83568 | Dis:5    | You fall into a shaft and drop 1 floor!
 84554 | Dis:7    | Entered Level 7 of the Iron City of Dis
 84978 | Dis:7    | Found the +4 staff of Dispater
 84978 | Dis:7    | Noticed Dispater
 84985 | Dis:7    | Killed Dispater
 85016 | Dis:7    | Found the ring of the Octopus King
 85019 | Dis:7    | Identified a ring of the Octopus King {Wiz AC+1 EV+1 Str+1
                  | Int+1 Dex+1}
 85022 | Dis:7    | Got an iron rune of Zot
 85023 | Dis:7    | Identified the ring "Unluamp" {Fire Dex+4}
 85656 | Dis:7    | Identified the +5 ring mail of Greater Demons {Drain rF+
                  | Dex+3}
 85662 | Dis:7    | Found the +4 moon troll leather armour {Spirit, Regen++
                  | MP+5}
 85675 | Dis:7    | Identified the +10 rapier of Riesch Guen {vorpal, rCorr
                  | Dex+4}
 86682 | Geh:1    | Entered Level 1 of Gehenna
 88811 | Geh:2    | Reached skill level 27 in Fighting
 89147 | Geh:2    | You fall into a shaft and drop 1 floor!
 90908 | Geh:4    | Reached skill level 15 in Earth Magic
 91076 | Geh:5    | Reached skill level 15 in Spellcasting
 93470 | Geh:7    | Entered Level 7 of Gehenna
 94458 | Geh:7    | Found the +7 sceptre of Asmodeus
 94458 | Geh:7    | Noticed Asmodeus
 94466 | Geh:7    | Killed Asmodeus
 94540 | Geh:7    | Got an obsidian rune of Zot
 97707 | Depths:4 | Voluntarily entered the Abyss.
 97722 | Abyss:1  | Gained mutation: Your magical capacity is extremely low.
                  | (-30% MP) [a neqoxec]
 98117 | Abyss:1  | Gained mutation: You are very weak. (Str -4) [a shining
                  | eye]
 98400 | Abyss:1  | Gained mutation: You are occasionally teleported next to
                  | monsters. [a neqoxec]
 98453 | Abyss:2  | Found a corrupted altar of Lugonu.
 98899 | Abyss:3  | Found a corrupted altar of Lugonu.
 98920 | Abyss:3  | Got an abyssal rune of Zot
 99136 | Depths:4 | Escaped the Abyss
 99451 | Vaults:4 | You paid a toll of 14 scrolls of teleportation to enter a
                  | treasure trove
 99452 | Trove    | Entered a treasure trove
100050 | Tar:1    | Entered Level 1 of Tartarus
100688 | Tar:1    | Reached skill level 10 in Stealth
101545 | Tar:1    | Reached skill level 15 in Stealth
103432 | Tar:3    | You fall into a shaft and drop 3 floors!
104447 | Tar:6    | Reached skill level 15 in Armour
105141 | Tar:7    | Entered Level 7 of Tartarus
105349 | Tar:7    | Identified the +1 scimitar of Disintegration {freeze,
                  | Str+8}
105354 | Tar:7    | Identified the +9 long sword of the Butterfly {vorpal,
                  | Int+7}
105413 | Tar:7    | Noticed Ereshkigal
105425 | Tar:7    | Killed Ereshkigal
105429 | Tar:7    | Reached skill level 15 in Invocations
105556 | Tar:7    | Got a bone rune of Zot
106110 | Tar:7    | Found the +6 shillelagh "Devastator" {shatter}
106333 | Tar:7    | Noticed a dread lich
106334 | Tar:7    | Killed a dread lich
107091 | Depths:3 | Bought a ring of the Octopus King {rC+ AC+1 EV+1 Str+1
                  | Int+1 Dex+1} for 747 gold pieces
107091 | Depths:3 | Found the ring of the Octopus King {rC+ AC+1 EV+1 Str+1
                  | Int+1 Dex+1}
107184 | Coc:1    | Entered Level 1 of Cocytus
107983 | Coc:7    | Entered Level 7 of Cocytus
108052 | Coc:7    | Noticed the Serpent of Hell
108140 | Hell     | Killed the Serpent of Hell
108471 | Coc:6    | You fall into a shaft and drop 1 floor!
108528 | Coc:7    | Noticed Antaeus
108668 | Coc:7    | Killed Antaeus
108696 | Coc:7    | Identified the ring "Miovopesk" {Wiz rC+ rCorr Int+5}
109242 | Coc:7    | Got an icy rune of Zot
109491 | Pan      | Entered Pandemonium
109496 | Pan      | Reached skill level 27 in Dodging
109751 | Pan      | Noticed Ugrof the pandemonium lord
109754 | Pan      | Killed Ugrof the pandemonium lord
110152 | Pan      | Gained mutation: You sometimes lose the ability to read
                  | scrolls when taking damage. [a neqoxec]
110564 | Pan      | Identified the +5 tower shield of the Lost Path {SInv}
110833 | Pan      | Lost mutation: You are robust. (+10% HP) [a neqoxec]
110882 | Pan      | Identified the +7 shortbow "Milecet" {vorpal, Int+7}
111025 | Pan      | Noticed Gyicup the pandemonium lord
111032 | Pan      | Killed Gyicup the pandemonium lord
111263 | Pan      | Lost mutation: Your magical capacity is extremely low.
                  | (-30% MP) [potion of mutation]
111263 | Pan      | Lost mutation: You sometimes lose the ability to read
                  | scrolls when taking damage. [potion of mutation]
111263 | Pan      | Gained mutation: You have a pair of small antennae on your
                  | head. [potion of mutation]
111311 | Pan      | Noticed Tatyzaja the pandemonium lord
111317 | Pan      | Killed Tatyzaja the pandemonium lord
111318 | Pan      | Noticed Mennas
111326 | Pan      | Killed Mennas
112382 | Pan      | Entered the realm of Cerebov.
112470 | Pan      | Paralysed by a Zot trap for 2 turns
112746 | Pan      | Identified the +1 plate armour "Jadafi Nuyt" {Harm rPois
                  | rC++ Str-3}
112759 | Pan      | Identified the ring of Vigew {Will+ EV+4 Int+2 Dex+4}
112761 | Pan      | Identified the +6 plate armour of Conscience {rElec rC+
                  | rCorr Int-3}
112833 | Pan      | Found the +6 sword of Cerebov {flame}
112833 | Pan      | Noticed Cerebov
112848 | Pan      | Killed Cerebov
112863 | Pan      | Identified Sif Muna's Compendium of Poisonous
                  | Transmigration
113174 | Pan      | Identified the +9 gold dragon scales of Inquiry {rPois rF+
                  | rC+ Will+}
113451 | Pan      | Got a fiery rune of Zot
113633 | Pan      | Identified the +2 rapier "Pugra" {vorpal, *Rage Dex+6}
113641 | Pan      | Identified the +4 chain mail of Insatiable Hunger {rElec
                  | SInv}
113661 | Pan      | Reached skill level 1 in Necromancy
113959 | Pan      | Reached skill level 5 in Necromancy
114148 | Pan      | Found an exit through the horrors of the Abyss.
114230 | Pan      | Found a transporter.
114241 | Pan      | Identified the ring "Bomny" {Int+6 Dex+3}
114305 | Pan      | Identified the amulet of Ytzaushry {Faith rElec Dex+4}
114403 | Pan      | Found a transporter.
115074 | Pan      | Reached skill level 10 in Necromancy
115488 | Pan      | Noticed Vadonats the pandemonium lord
115519 | Pan      | Killed Vadonats the pandemonium lord
115853 | Pan      | Gained mutation: Your magical capacity is extremely low.
                  | (-30% MP) [a neqoxec]
115976 | Pan      | Identified the +1 leather armour "Zefesh" {rC+ Will++ Str+3
                  | Slay-3}
116147 | Pan      | Noticed Efaurhax the pandemonium lord
116156 | Pan      | Killed Efaurhax the pandemonium lord
117041 | Pan      | Reached skill level 27 in Spellcasting
117061 | Pan      | Found an exit through the horrors of the Abyss.
117103 | Pan      | Noticed Giovvov the pandemonium lord
117108 | Pan      | Killed Giovvov the pandemonium lord
117113 | Pan      | Reached skill level 15 in Necromancy
117703 | Pan      | Entered the realm of Mnoleg.
117726 | Pan      | Paralysed by a floating eye for 4 turns
117795 | Pan      | Paralysed by a floating eye for 3 turns
117861 | Pan      | Gained mutation: You do not regenerate when monsters are
                  | visible. [a neqoxec]
117864 | Pan      | Gained mutation: You sometimes lose the ability to read
                  | scrolls when taking damage. [a neqoxec]
117882 | Pan      | Gained mutation: You occasionally shout uncontrollably at
                  | your foes. [a cacodemon]
117948 | Pan      | Identified the +11 hunting sling of Zolodd {vorpal, rF+
                  | Will++}
117993 | Pan      | Reached skill level 1 in Evocations
118092 | Pan      | Noticed Mnoleg
118105 | Pan      | Killed Mnoleg
118111 | Pan      | Reached skill level 5 in Evocations
118235 | Pan      | Gained mutation: You are frail. (-10% HP) [a neqoxec]
118424 | Pan      | Got a glowing rune of Zot
118459 | Pan      | Gained mutation: Potions are less effective at restoring
                  | your health. [a cacodemon]
118665 | Pan      | Gained mutation: You are very frail. (-20% HP) [a neqoxec]
118669 | Pan      | Lost mutation: You do not regenerate when monsters are
                  | visible. [a cacodemon]
118745 | Pan      | Gained mutation: You are extremely frail. (-30% HP) [a
                  | cacodemon]
118914 | Pan      | Gained mutation: You are dopey. (Int -2) [a neqoxec]
118916 | Pan      | Lost mutation: Your body sometimes deteriorates upon taking
                  | damage. [a neqoxec]
119047 | Pan      | Gained mutation: Your spells are a little easier to cast,
                  | but a little less powerful. [a neqoxec]
119051 | Pan      | Paralysed by a floating eye for 4 turns
119094 | Pan      | Gained mutation: You are very dopey. (Int -4) [a cacodemon]
119097 | Pan      | Reached skill level 10 in Evocations
119121 | Pan      | Entered the realm of Gloorx Vloq.
119502 | Pan      | Noticed Gloorx Vloq
119508 | Pan      | Killed Gloorx Vloq
119518 | Pan      | Lost mutation: Potions are less effective at restoring your
                  | health. [potion of mutation]
119518 | Pan      | Lost mutation: You are extremely frail. (-30% HP) [potion
                  | of mutation]
119518 | Pan      | Lost mutation: You are very dopey. (Int -4) [potion of
                  | mutation]
119518 | Pan      | Lost mutation: You are occasionally teleported next to
                  | monsters. [potion of mutation]
119518 | Pan      | Lost mutation: You are very frail. (-20% HP) [potion of
                  | mutation]
119518 | Pan      | Gained mutation: You can exhale a cloud of poison. [potion
                  | of mutation]
119539 | Pan      | Lost mutation: You occasionally shout uncontrollably at
                  | your foes. [potion of mutation]
119539 | Pan      | Lost mutation: Your magical capacity is extremely low.
                  | (-30% MP) [potion of mutation]
119539 | Pan      | Lost mutation: You sometimes lose the ability to read
                  | scrolls when taking damage. [potion of mutation]
119539 | Pan      | Lost mutation: You are frail. (-10% HP) [potion of
                  | mutation]
119539 | Pan      | Gained mutation: You possess an exceptional clarity of
                  | mind. [potion of mutation]
119561 | Pan      | Got a dark rune of Zot
119997 | Depths:3 | Escaped Pandemonium
120021 | Pan      | Entered Pandemonium
120117 | Pan      | Gained mutation: You occasionally shout uncontrollably at
                  | your foes. [a neqoxec]
120122 | Pan      | Found a runed translucent door.
120127 | Pan      | Found a runed translucent door.
120132 | Pan      | Found a runed translucent door.
120185 | Pan      | Noticed Jeafijov the pandemonium lord
120189 | Pan      | Killed Jeafijov the pandemonium lord
120195 | Pan      | Got a demonic rune of Zot
120203 | Pan      | Found a runed translucent door.
120901 | Pan      | Found an exit through the horrors of the Abyss.
121755 | Pan      | Noticed Xythocul the pandemonium lord
121764 | Pan      | Killed Xythocul the pandemonium lord
122143 | Pan      | Learned a level 7 spell: Haunt
122144 | Pan      | Entered the realm of Lom Lobon.
122303 | Pan      | Found an exit through the horrors of the Abyss.
122693 | Pan      | Noticed Lom Lobon
122716 | Pan      | Got a magical rune of Zot
122849 | Pan      | Killed Lom Lobon
123565 | Depths:3 | Escaped Pandemonium
124045 | Tomb:1   | Entered Level 1 of the Tomb of the Ancients
124213 | Tomb:1   | Reached skill level 27 in Earth Magic
124453 | Tomb:1   | Noticed a royal mummy
124457 | Tomb:1   | Killed a royal mummy
124526 | Tomb:1   | Noticed a royal mummy
124531 | Tomb:1   | Killed a royal mummy
124766 | Tomb:1   | Noticed a royal mummy
124766 | Tomb:1   | Noticed a royal mummy
124769 | Tomb:1   | Killed a royal mummy
124772 | Tomb:1   | Killed a royal mummy
124774 | Tomb:1   | Noticed a royal mummy
124781 | Tomb:1   | Noticed a royal mummy
124784 | Tomb:1   | Killed a royal mummy
124789 | Tomb:1   | Killed a royal mummy
124891 | Tomb:1   | Noticed a royal mummy
124891 | Tomb:1   | Noticed a royal mummy
124897 | Tomb:1   | Killed a royal mummy
124899 | Tomb:1   | Killed a royal mummy
124900 | Tomb:1   | Reached skill level 15 in Translocations
124901 | Tomb:1   | Noticed a royal mummy
124905 | Tomb:1   | Killed a royal mummy
125101 | Tomb:1   | Noticed a royal mummy
125102 | Tomb:1   | Noticed a royal mummy
125106 | Tomb:1   | Killed a royal mummy
125107 | Tomb:1   | Killed a royal mummy
125182 | Tomb:1   | Noticed a royal mummy
125185 | Tomb:1   | Killed a royal mummy
125191 | Tomb:1   | Noticed a royal mummy
125191 | Tomb:1   | Noticed a royal mummy
125196 | Tomb:1   | Killed a royal mummy
125198 | Tomb:1   | Killed a royal mummy
125279 | Tomb:2   | Noticed a royal mummy
125279 | Tomb:2   | Noticed a royal mummy
125279 | Tomb:2   | Noticed a royal mummy
125280 | Tomb:2   | Noticed a royal mummy
125280 | Tomb:2   | Noticed a royal mummy
125583 | Tomb:2   | Killed a royal mummy
125585 | Tomb:2   | Killed a royal mummy
125588 | Tomb:2   | Killed a royal mummy
125774 | Tomb:2   | Killed a royal mummy
125777 | Tomb:2   | Killed a royal mummy
126298 | Tomb:3   | Entered Level 3 of the Tomb of the Ancients
126310 | Tomb:3   | Noticed a royal mummy
126316 | Tomb:3   | Noticed a royal mummy
126321 | Tomb:3   | Noticed a royal mummy
126321 | Tomb:3   | Killed a royal mummy
126324 | Tomb:3   | Killed a royal mummy
126325 | Tomb:3   | Noticed a royal mummy
126326 | Tomb:3   | Killed a royal mummy
126421 | Tomb:3   | Noticed a royal mummy
126422 | Tomb:3   | Noticed a royal mummy
126423 | Tomb:3   | Killed a royal mummy
126423 | Tomb:3   | Noticed a royal mummy
126425 | Tomb:3   | Killed a royal mummy
126427 | Tomb:3   | Killed a royal mummy
126428 | Tomb:3   | Noticed a royal mummy
126433 | Tomb:3   | Killed a royal mummy
126433 | Tomb:3   | Killed a royal mummy
126503 | Tomb:3   | Identified the +9 shortbow "Jetufeki" {freeze, MP+9}
126536 | Tomb:3   | Identified the +9 glaive "Seenacai" {distort, MP+9 Int+4}
126610 | Tomb:3   | Found the +3 crown of Dyrovepreva {rElec Int+2 SInv}
126751 | Tomb:3   | Identified Porooh's Almanac of Confrontation and
                  | Transmutation
126835 | Tomb:3   | Got a golden rune of Zot
127542 | Zig:1    | Entered Level 1 of a ziggurat
127559 | Zig:2    | Entered Level 2 of a ziggurat
127586 | Zig:3    | Entered Level 3 of a ziggurat
127594 | Zig:3    | Found the +3 sling "Punk" {acid, rCorr}
127609 | Zig:3    | Identified the +7 morningstar "Lagikk" {vorpal, rPois}
127612 | Zig:4    | Entered Level 4 of a ziggurat
127650 | Zig:5    | Entered Level 5 of a ziggurat
127678 | Zig:5    | Identified the +0 leather armour of a bailey {rElec Slay+5
                  | SInv}
127694 | Zig:6    | Entered Level 6 of a ziggurat
127696 | Zig:6    | Noticed a juggernaut
127696 | Zig:6    | Noticed a juggernaut
127700 | Zig:6    | Killed a juggernaut
127700 | Zig:6    | Killed a juggernaut
127728 | Zig:6    | Identified the +1 plate armour of the Bells {rF- Regen+
                  | Str+3 Int+4}
127747 | Zig:7    | Entered Level 7 of a ziggurat
127753 | Zig:7    | Noticed a dread lich
127757 | Zig:7    | Killed a dread lich
127839 | Zig:8    | Entered Level 8 of a ziggurat
127846 | Zig:8    | Noticed an ancient lich
127848 | Zig:8    | Killed an ancient lich
127863 | Zig:8    | Found the +9 heavy crossbow "Sniper" {vorpal, Acc+∞ SInv}
127876 | Zig:8    | Identified the ring "Ykhlaguc" {rC+ Str+3 Int+2}
127879 | Zig:8    | Identified the ring "Suzarab" {rC+ Int+6}
127926 | Zig:9    | Entered Level 9 of a ziggurat
128034 | Zig:10   | Entered Level 10 of a ziggurat
128043 | Zig:10   | Noticed Viefyad the pandemonium lord
128051 | Zig:10   | Killed Viefyad the pandemonium lord
128063 | Zig:10   | Identified the ring of Kam Zuam {rPois rF+ rN+ Str+2 Int-2}
128071 | Zig:10   | Identified the ring of Michaek {rElec rN+ Int+2 Dex-3}
128143 | Zig:11   | Entered Level 11 of a ziggurat
128196 | Zig:11   | Identified the +4 long sword of Conscience {antimagic, rN+}
128200 | Zig:11   | Identified the ring of Riate {Contam Fly rC+ Str+9}
128228 | Zig:12   | Entered Level 12 of a ziggurat
128240 | Zig:12   | Noticed a dread lich
128249 | Zig:12   | Killed a dread lich
128342 | Zig:12   | Identified the +0 hunting sling "Death Rattle" {venom,
                  | Int+3 Stlth+}
128365 | Zig:13   | Entered Level 13 of a ziggurat
128543 | Zig:13   | Identified the +0 hat of Absolutism {Str+4}
128557 | Zig:13   | Learned a level 9 spell: Death's Door
128570 | Zig:14   | Entered Level 14 of a ziggurat
128694 | Zig:14   | Identified the +5 ring mail "Megigg" {Rampage Stlth+}
128695 | Zig:14   | Identified the ring "Nunol" {*Slow rElec Int+2 Dex+6}
128787 | Zig:15   | Entered Level 15 of a ziggurat
128950 | Zig:15   | Identified the ring "Akhocebe" {rF+ Int+7 Slay+4}
128962 | Zig:15   | Identified Sif Muna's Volume of the Butcher
128966 | Zig:15   | Identified the ring "Utuomieschy" {rF+++ rN+++ AC+4 Str-4
                  | Dex-3}
128992 | Zig:16   | Entered Level 16 of a ziggurat
129031 | Zig:16   | Gained mutation: You are frail. (-10% HP) [a cacodemon]
129138 | Zig:16   | Identified the Compendium of Dusty Beguiling
129141 | Zig:16   | Identified the +2 chain mail of Acvux {rC+ rCorr SInv
                  | Stlth+}
129194 | Zig:16   | Lost mutation: You are partially covered in iridescent
                  | scales. (AC +2) [potion of mutation]
129194 | Zig:16   | Lost mutation: Your magical capacity is very low. (-20% MP)
                  | [potion of mutation]
129194 | Zig:16   | Lost mutation: You can exhale a cloud of poison. [potion of
                  | mutation]
129194 | Zig:16   | Gained mutation: You expend magic power (3 MP) to
                  | strengthen your wands. [potion of mutation]
129195 | Zig:16   | Lost mutation: Your spells are a little easier to cast, but
                  | a little less powerful. [potion of mutation]
129195 | Zig:16   | Lost mutation: You are very weak. (Str -4) [potion of
                  | mutation]
129195 | Zig:16   | Lost mutation: You are dopey. (Int -2) [potion of mutation]
129195 | Zig:16   | Gained mutation: You frequently scream uncontrollably at
                  | your foes. [potion of mutation]
129195 | Zig:16   | Gained mutation: You are clumsy. (Dex -2) [potion of
                  | mutation]
129195 | Zig:16   | Gained mutation: Your magical capacity is very low. (-20%
                  | MP) [potion of mutation]
129195 | Zig:16   | Gained mutation: You are strong-willed. (Will+) [potion of
                  | mutation]
129196 | Zig:16   | Lost mutation: You are weak. (Str -2) [potion of mutation]
129196 | Zig:16   | Lost mutation: You frequently scream uncontrollably at your
                  | foes. [potion of mutation]
129196 | Zig:16   | Gained mutation: Your tail ends in a poisonous barb.
                  | [potion of mutation]
129196 | Zig:16   | Gained mutation: A frigid envelope surrounds you and
                  | freezes all who hurt you. [potion of mutation]
129196 | Zig:16   | Lost mutation: You are frail. (-10% HP) [potion of
                  | mutation]
129196 | Zig:16   | Gained mutation: You are robust. (+10% HP) [potion of
                  | mutation]
129223 | Zig:17   | Entered Level 17 of a ziggurat
129387 | Zig:17   | Identified the ring "Wadghaoh" {rCorr Slay+3}
129391 | Zig:17   | Identified the +4 ring mail "Bunomny" {Will+ Regen+ Int+5
                  | Dex-4}
129405 | Zig:17   | Identified the +1 chain mail "Irecs" {Fly Regen+ Int+4
                  | Dex-3}
129406 | Zig:17   | Identified the +3 leather armour of Deig {rElec Regen+}
129409 | Zig:17   | Identified the +1 leather armour of Terror {rC+ Slay+5}
129462 | Zig:18   | Entered Level 18 of a ziggurat
129480 | Zig:18   | Noticed an ancient lich
129480 | Zig:18   | Noticed a dread lich
129481 | Zig:18   | Found the +6 Majin-Bo {vamp, MP+6 Int+6}
129481 | Zig:18   | Noticed a dread lich
129481 | Zig:18   | Noticed an ancient lich
129483 | Zig:18   | Reached skill level 15 in Slings
129485 | Zig:18   | Noticed an ancient lich
129492 | Zig:18   | Killed an ancient lich
129492 | Zig:18   | Killed an ancient lich
129492 | Zig:18   | Killed a dread lich
129496 | Zig:18   | Killed a dread lich
129501 | Zig:18   | Killed an ancient lich
129515 | Zig:18   | Found the +8 glaive of the Guard {elec, spectral, AC+5}
129520 | Zig:18   | Identified the +1 robe "Viytsib" {-Cast rPois rN+ Will++}
129528 | Zig:18   | Identified the Handbook of Nocuous Ignition
129548 | Zig:18   | Identified the +10 scale mail "Zorr" {rF+ rC+}
129557 | Zig:18   | Identified the +6 battleaxe of Moderation {flame, rElec rF+
                  | Dex-5}
129574 | Zig:19   | Entered Level 19 of a ziggurat
129854 | Zig:19   | Found the +15 Maxwell's patent armour {-Cast -Tele rElec
                  | Will+ rCorr}
129874 | Zig:19   | Identified Sif Muna's Tome of Dark Earth
129885 | Zig:19   | Identified the +6 longbow of the Silent Majority {flame,
                  | Will+}
129901 | Zig:19   | Identified the +6 falchion "Saeneh Roneu" {vorpal, Fly
                  | rElec rF+ rC+ Will+}
129922 | Zig:20   | Entered Level 20 of a ziggurat
129929 | Zig:20   | Noticed a juggernaut
129932 | Zig:20   | Noticed a juggernaut
129936 | Zig:20   | Killed a juggernaut
129940 | Zig:20   | Killed a juggernaut
129945 | Zig:20   | Noticed a juggernaut
129945 | Zig:20   | Noticed a juggernaut
129949 | Zig:20   | Killed a juggernaut
129958 | Zig:20   | Killed a juggernaut
129971 | Zig:20   | Found the +10 dark maul {vorpal}
129972 | Zig:20   | Found the +18 shield of the Gong {rElec rN+ Will+ EV-5}
129993 | Zig:20   | Identified the amulet "Daxuj" {Faith rElec rPois Will+}
130043 | Zig:20   | Identified the +1 longbow "Rycieng" {freeze, rPois Int+3}
130045 | Zig:20   | Acquired a book of Unlife
130074 | Zig:20   | Identified the +1 hand axe of Inuo {freeze, Contam rElec
                  | Stlth+}
130078 | Zig:21   | Entered Level 21 of a ziggurat
130269 | Zig:21   | Identified the ring "Veuhoel" {rN+ rCorr Dex+4}
130291 | Zig:21   | Identified Yxkiu's Catalogue of Cold and Execration
130296 | Zig:21   | Identified the ring "Peczu" {Will+ MP+9 Slay+2}
130327 | Zig:22   | Entered Level 22 of a ziggurat
130507 | Zig:22   | Found the +7 captain's cutlass {speed, disarm}
130516 | Zig:22   | Identified the +1 plate armour of Siesch {rF+ rCorr Str+3
                  | Dex-4}
130523 | Zig:22   | Identified the Guide on Scorching Evil
130526 | Zig:22   | Identified The Arcane Secrets of Witchery
130531 | Zig:22   | Identified the amulet "Moekhloun" {rPois Regen+ MP+9 Str+5
                  | Dex-3}
130533 | Zig:22   | Identified the Almanac of Vitriolic Evil Magic
130562 | Zig:23   | Entered Level 23 of a ziggurat
130572 | Zig:23   | Noticed Otruef the pandemonium lord
130584 | Zig:23   | Noticed Pimeid the pandemonium lord
130587 | Zig:23   | Killed Pimeid the pandemonium lord
130597 | Zig:23   | Killed Otruef the pandemonium lord
130637 | Zig:23   | Noticed Qesme the pandemonium lord
130642 | Zig:23   | Killed Qesme the pandemonium lord
130645 | Zig:23   | Noticed Baasoate the pandemonium lord
130645 | Zig:23   | Noticed Nacat the pandemonium lord
130647 | Zig:23   | Noticed Raefug the pandemonium lord
130649 | Zig:23   | Killed Baasoate the pandemonium lord
130651 | Zig:23   | Noticed Peworul the pandemonium lord
130656 | Zig:23   | Killed Nacat the pandemonium lord
130657 | Zig:23   | Noticed Muery the pandemonium lord
130658 | Zig:23   | Killed Raefug the pandemonium lord
130661 | Zig:23   | Noticed Hauluw the pandemonium lord
130665 | Zig:23   | Gained mutation: Potions are less effective at restoring
                  | your health. [mutagenic glow]
130666 | Zig:23   | Killed Peworul the pandemonium lord
130666 | Zig:23   | Noticed Efoipnas the pandemonium lord
130672 | Zig:23   | Noticed Paphic the pandemonium lord
130677 | Zig:23   | Noticed Honoh the pandemonium lord
130681 | Zig:23   | Killed Hauluw the pandemonium lord
130686 | Zig:23   | Killed Muery the pandemonium lord
130688 | Zig:23   | Lost mutation: You are robust. (+10% HP) [a shining eye]
130688 | Zig:23   | Gained mutation: You are dopey. (Int -2) [mutagenic glow]
130689 | Zig:23   | Noticed Mibrocan the pandemonium lord
130689 | Zig:23   | Noticed Jeshruoch the pandemonium lord
130689 | Zig:23   | Noticed Josmadgh the pandemonium lord
130689 | Zig:23   | Noticed Diuc Witz the pandemonium lord
130696 | Zig:23   | Gained mutation: You sometimes lose the ability to read
                  | scrolls when taking damage. [mutagenic glow]
130708 | Zig:23   | Killed Diuc Witz the pandemonium lord
130713 | Zig:23   | Killed Mibrocan the pandemonium lord
130714 | Zig:23   | Gained mutation: You are occasionally teleported next to
                  | monsters. [mutagenic glow]
130722 | Zig:23   | Gained mutation: Your magical capacity is extremely low.
                  | (-30% MP) [mutagenic glow]
130732 | Zig:23   | Killed Paphic the pandemonium lord
130755 | Zig:23   | Killed Honoh the pandemonium lord
130758 | Zig:23   | Killed Efoipnas the pandemonium lord
130777 | Zig:23   | Killed Josmadgh the pandemonium lord
130783 | Zig:23   | Killed Jeshruoch the pandemonium lord
130784 | Zig:23   | Reached skill level 27 in Invocations
130934 | Zig:23   | Found the +8 autumn katana {vorpal, Clar}
130940 | Zig:23   | Identified the Volume of Snow
130946 | Zig:23   | Identified the Disquisition on the Frigorific Arsonist
130949 | Zig:23   | Identified the Tome of the Fiery Oath
130967 | Zig:23   | Identified the +2 rapier "Nuof" {elec, SInv}
130972 | Zig:23   | Lost mutation: Your tail ends in a poisonous barb. [potion
                  | of mutation]
130972 | Zig:23   | Lost mutation: You are dopey. (Int -2) [potion of mutation]
130972 | Zig:23   | Lost mutation: You are strong-willed. (Will+) [potion of
                  | mutation]
130972 | Zig:23   | Gained mutation: You evolve. [potion of mutation]
130973 | Zig:23   | Lost mutation: Your magical capacity is extremely low.
                  | (-30% MP) [potion of mutation]
130973 | Zig:23   | Lost mutation: Your magical capacity is very low. (-20% MP)
                  | [potion of mutation]
130973 | Zig:23   | Gained mutation: You rapidly evolve. [potion of mutation]
130974 | Zig:23   | Lost mutation: You expend magic power (3 MP) to strengthen
                  | your wands. [potion of mutation]
130974 | Zig:23   | Lost mutation: Potions are less effective at restoring your
                  | health. [potion of mutation]
130974 | Zig:23   | Lost mutation: Your magical capacity is low. (-10% MP)
                  | [potion of mutation]
130974 | Zig:23   | Lost mutation: You sometimes lose the ability to read
                  | scrolls when taking damage. [potion of mutation]
130974 | Zig:23   | Gained mutation: You are partially covered in iridescent
                  | scales. (AC +2) [potion of mutation]
131025 | Zig:24   | Entered Level 24 of a ziggurat
131035 | Zig:24   | Noticed a dread lich
131037 | Zig:24   | Killed a dread lich
131052 | Zig:24   | Noticed an ancient lich
131057 | Zig:24   | Noticed a dread lich
131061 | Zig:24   | Noticed an ancient lich
131063 | Zig:24   | Noticed a dread lich
131066 | Zig:24   | Killed an ancient lich
131072 | Zig:24   | Killed an ancient lich
131072 | Zig:24   | Noticed a dread lich
131073 | Zig:24   | Noticed a dread lich
131073 | Zig:24   | Noticed an ancient lich
131075 | Zig:24   | Killed a dread lich
131075 | Zig:24   | Noticed an ancient lich
131076 | Zig:24   | Noticed a dread lich
131076 | Zig:24   | Killed a dread lich
131076 | Zig:24   | Killed an ancient lich
131078 | Zig:24   | Killed a dread lich
131078 | Zig:24   | Noticed a dread lich
131079 | Zig:24   | Killed a dread lich
131080 | Zig:24   | Killed a dread lich
131082 | Zig:24   | Noticed a dread lich
131085 | Zig:24   | Killed an ancient lich
131097 | Zig:24   | Killed a dread lich
131329 | Zig:24   | Identified the +8 triple sword "Arcanum" {venom, Fly Dex+3}
131343 | Zig:25   | Entered Level 25 of a ziggurat
131500 | Zig:25   | Found the +9 staff of Wucad Mu {*channel}
131504 | Zig:25   | Lost mutation: You possess an exceptional clarity of mind.
                  | [evolution]
131523 | Zig:25   | Identified the +5 quarterstaff of Okawaru's Castigation
                  | {elec, +Blink rF- Dex+4}
131546 | Zig:25   | Reached skill level 15 in Transmutations
131573 | Zig:26   | Entered Level 26 of a ziggurat
131588 | Zig:26   | Noticed an ancient lich
131588 | Zig:26   | Noticed an ancient lich
131592 | Zig:26   | Killed an ancient lich
131593 | Zig:26   | Killed an ancient lich
131594 | Zig:26   | Noticed an ancient lich
131595 | Zig:26   | Noticed a dread lich
131596 | Zig:26   | Noticed an ancient lich
131598 | Zig:26   | Killed a dread lich
131599 | Zig:26   | Noticed a dread lich
131601 | Zig:26   | Noticed an ancient lich
131601 | Zig:26   | Noticed an ancient lich
131601 | Zig:26   | Noticed a dread lich
131602 | Zig:26   | Noticed a dread lich
131603 | Zig:26   | Killed an ancient lich
131604 | Zig:26   | Noticed a dread lich
131605 | Zig:26   | Killed an ancient lich
131610 | Zig:26   | Killed a dread lich
131610 | Zig:26   | Killed an ancient lich
131610 | Zig:26   | Killed a dread lich
131610 | Zig:26   | Killed a dread lich
131612 | Zig:26   | Killed an ancient lich
131615 | Zig:26   | Killed a dread lich
131625 | Zig:26   | Paralysed by a floating eye for 2 turns
131630 | Zig:26   | Paralysed by a floating eye for 2 turns
131743 | Zig:26   | Identified the ring of the Good {Wiz rElec rF+++ Str-3
                  | Int+3}
131745 | Zig:26   | Identified Zygemue's Almanac of the Dusty Birds
131748 | Zig:26   | Identified the Grimoire of Displacement and Bewitchment
131750 | Zig:26   | Identified Sif Muna's Almanac of Lightness and the
                  | Mountains
131752 | Zig:26   | Identified the ring "Cios" {Will+ Dex+6}
131753 | Zig:26   | Identified the +8 short sword of Erueqab {protect, rPois
                  | Dex+2}
131779 | Zig:26   | Acquired a manual of Crossbows
131802 | Zig:27   | Entered Level 27 of a ziggurat
132067 | Zig:27   | Identified the Compendium of Attacks and Ignition
132071 | Zig:27   | Identified the Handbook of Aerial Hexes
132080 | Zig:27   | Identified the Catalogue of the Monkey
132084 | Zig:27   | Identified the +7 double sword of the Baking Spider {speed,
                  | rPois rN++ Str-4 Dex+3}
132094 | Zig:27   | Identified the +2 chain mail of Sin {Drain rPois Regen+}
132103 | Zig:27   | Identified the +1 scale mail of Chill Winds {-Cast rF++}
132109 | Zig:27   | Identified the +1 leather armour of the King of the Hill
                  | {Str+3}
132451 | Elf:1    | Bought 2 potions of cancellation for 240 gold pieces
132775 | Zig:1    | Entered Level 1 of a ziggurat
132796 | Zig:2    | Entered Level 2 of a ziggurat
132826 | Zig:3    | Entered Level 3 of a ziggurat
132855 | Zig:4    | Entered Level 4 of a ziggurat
132874 | Zig:4    | Identified the +2 flail "Xetyriry" {venom, rPois Int+3
                  | SInv}
132888 | Zig:5    | Entered Level 5 of a ziggurat
132893 | Zig:5    | Found the +4 dagger "Morg" {pain, Will+ Int+5}
132930 | Zig:6    | Entered Level 6 of a ziggurat
132935 | Zig:6    | Noticed Doedim the pandemonium lord
132942 | Zig:6    | Killed Doedim the pandemonium lord
132979 | Zig:7    | Entered Level 7 of a ziggurat
133021 | Zig:7    | Identified the ring "Fuugguy" {rC+ Int+2 Dex+6}
133090 | Zig:8    | Entered Level 8 of a ziggurat
133135 | Zig:9    | Entered Level 9 of a ziggurat
133138 | Zig:9    | Noticed a royal mummy
133145 | Zig:9    | Killed a royal mummy
133196 | Zig:9    | Identified the +4 short sword "Faeclun" {antimagic, Str+4}
133236 | Zig:9    | Learned a level 9 spell: Fire Storm
133238 | Zig:10   | Entered Level 10 of a ziggurat
133246 | Zig:10   | Noticed an ancient lich
133249 | Zig:10   | Noticed a dread lich
133251 | Zig:10   | Reached skill level 1 in Hexes
133251 | Zig:10   | Reached skill level 1 in Fire Magic
133251 | Zig:10   | Killed a dread lich
133252 | Zig:10   | Killed an ancient lich
133252 | Zig:10   | Noticed a dread lich
133253 | Zig:10   | Killed a dread lich
133256 | Zig:10   | Noticed a dread lich
133265 | Zig:10   | Killed a dread lich
133266 | Zig:10   | Reached skill level 5 in Hexes
133266 | Zig:10   | Reached skill level 5 in Fire Magic
133344 | Zig:11   | Entered Level 11 of a ziggurat
133447 | Zig:11   | Found the +3 robe of Clouds {+Thunder rCloud rElec}
133456 | Zig:11   | Identified Hueq's Last Secrets of Casting
133467 | Zig:11   | Gained mutation: Your flesh is heat resistant. (rF+)
                  | [evolution]
133475 | Zig:11   | Identified the ring of Syaj {Fly rF- rN+ Int+7 Stlth+}
133494 | Zig:12   | Entered Level 12 of a ziggurat
133534 | Zig:12   | Identified the ring of Cecison {rElec Str+6 Int+2}
133537 | Zig:12   | Identified the amulet "Saulis" {Acrobat rElec}
133618 | Zig:13   | Entered Level 13 of a ziggurat
133628 | Zig:13   | Noticed a royal mummy
133631 | Zig:13   | Noticed a royal mummy
133634 | Zig:13   | Killed a royal mummy
133635 | Zig:13   | Noticed a royal mummy
133636 | Zig:13   | Noticed a royal mummy
133638 | Zig:13   | Killed a royal mummy
133639 | Zig:13   | Killed a royal mummy
133646 | Zig:13   | Killed a royal mummy
133647 | Zig:13   | Reached skill level 10 in Hexes
133647 | Zig:13   | Reached skill level 10 in Fire Magic
133691 | Zig:13   | Identified the Grimoire of Unholy Rituals and Attacks
133694 | Zig:13   | Identified Sif Muna's Tome of Envenoming
133696 | Zig:13   | Identified the +6 dagger of Gysycvil {venom, Str+3}
133699 | Zig:13   | Identified the ring "Xymok" {rCorr Int+3}
133709 | Zig:14   | Entered Level 14 of a ziggurat
133718 | Zig:14   | Reached skill level 1 in Conjurations
133775 | Zig:14   | Identified the ring of Era Cith {Dex+6 Slay+3}
133778 | Zig:14   | Identified the amulet "Salaskedgh" {+Blink Regen+ Str+2
                  | Int-3 Dex+4}
133783 | Zig:14   | Identified the Collected Works on Destructive Execration
133785 | Zig:14   | Identified Laclizi's Grimoire of Nocuous Transmigration
133795 | Zig:14   | Identified the amulet of Pielatuo {Acrobat Int+3 Dex+5
                  | Stlth+}
133810 | Zig:15   | Entered Level 15 of a ziggurat
133823 | Zig:15   | Reached skill level 5 in Conjurations
133920 | Zig:15   | Found the +3 Elemental Staff {rElec rF++ rC++ Will++ AC+5}
133931 | Zig:15   | Identified the +1 plate armour of Zogiaclo {Str+2}
133933 | Zig:15   | Identified the Tome of Evil Orientation
133937 | Zig:15   | Identified the ring "Naatwu" {rElec Will++ SInv}
133964 | Zig:16   | Entered Level 16 of a ziggurat
134106 | Zig:16   | Identified the Volume of Igneous Attacks
134118 | Zig:16   | Identified the +2 scale mail of Redwenia {rC+ Stlth+}
134121 | Zig:16   | Identified the +1 dagger of the Boiling Point {vorpal, rC-
                  | Str+3 Dex+3}
134125 | Zig:17   | Entered Level 17 of a ziggurat
134147 | Zig:17   | Reached skill level 10 in Conjurations
134345 | Zig:17   | Identified the ring of Hoatoyti {rF++ Str+2 Int+6}
134354 | Zig:17   | Identified the +3 buckler "Tesif" {Harm Stlth+}
134361 | Zig:17   | Identified the +2 robe of the Tundras {Rampage rF+ rC+
                  | rCorr}
134370 | Zig:18   | Entered Level 18 of a ziggurat
134404 | Zig:18   | Reached skill level 15 in Fire Magic
134530 | Zig:18   | Found the +0 pair of fencer's gloves {Riposte Dex+3}
134535 | Zig:18   | Identified the ring of Asakirch {Will+ Int+4}
134538 | Zig:18   | Identified the ring of Wonder {*Slow rPois rN+ Str+6 Dex+4}
134566 | Zig:19   | Entered Level 19 of a ziggurat
134570 | Zig:19   | Noticed Kutzem the pandemonium lord
134576 | Zig:19   | Killed Kutzem the pandemonium lord
134578 | Zig:19   | Noticed Olaty the pandemonium lord
134579 | Zig:19   | Noticed Hosietuso the pandemonium lord
134580 | Zig:19   | Noticed Diraupt the pandemonium lord
134581 | Zig:19   | Noticed Tooqien the pandemonium lord
134582 | Zig:19   | Killed Olaty the pandemonium lord
134585 | Zig:19   | Killed Hosietuso the pandemonium lord
134586 | Zig:19   | Killed Diraupt the pandemonium lord
134586 | Zig:19   | Noticed Copul the pandemonium lord
134587 | Zig:19   | Noticed Vost the pandemonium lord
134590 | Zig:19   | Killed Tooqien the pandemonium lord
134597 | Zig:19   | Killed Copul the pandemonium lord
134603 | Zig:19   | Killed Vost the pandemonium lord
134604 | Zig:19   | Reached skill level 15 in Conjurations
134612 | Zig:19   | Noticed Qiotiad the pandemonium lord
134617 | Zig:19   | Noticed Kousavixt the pandemonium lord
134623 | Zig:19   | Noticed Nashrut the pandemonium lord
134630 | Zig:19   | Killed Nashrut the pandemonium lord
134632 | Zig:19   | Noticed Zukh the pandemonium lord
134633 | Zig:19   | Killed Qiotiad the pandemonium lord
134636 | Zig:19   | Noticed Vuxes the pandemonium lord
134637 | Zig:19   | Killed Kousavixt the pandemonium lord
134638 | Zig:19   | Killed Zukh the pandemonium lord
134643 | Zig:19   | Noticed Sihujimp the pandemonium lord
134645 | Zig:19   | Killed Vuxes the pandemonium lord
134652 | Zig:19   | Killed Sihujimp the pandemonium lord
134659 | Zig:19   | Noticed Larchihi the pandemonium lord
134665 | Zig:19   | Killed Larchihi the pandemonium lord
134667 | Zig:19   | Noticed Wadepn the pandemonium lord
134669 | Zig:19   | Gained mutation: You are weak. (Str -2) [mutagenic glow]
134671 | Zig:19   | Killed Wadepn the pandemonium lord
134680 | Zig:19   | Noticed Pikk the pandemonium lord
134689 | Zig:19   | Noticed Tulom the pandemonium lord
134693 | Zig:19   | Killed Pikk the pandemonium lord
134706 | Zig:19   | Killed Tulom the pandemonium lord
134809 | Zig:19   | Gained mutation: You have a somewhat thin skeletal
                  | structure. (Dex +2, Stealth+) [evolution]
134894 | Zig:19   | Identified the Reference Book on the Warped Arsonist
134930 | Zig:20   | Entered Level 20 of a ziggurat
135239 | Zig:20   | Identified Extuw's Papyrus of Fetching Transformation
135255 | Zig:20   | Identified the +1 leather armour "Nefeacho" {Int+4}
135271 | Zig:21   | Entered Level 21 of a ziggurat
135513 | Zig:21   | Identified Mnoleg's Papyrus of Calling
135516 | Zig:21   | Identified the ring "Nocro" {rN+ Int+6 Dex+2}
135534 | Zig:21   | Identified the +2 helmet of Death Resistance {Contam +Blink
                  | Str+3}
135558 | Zig:22   | Entered Level 22 of a ziggurat
135592 | Zig:22   | Noticed an ancient lich
135592 | Zig:22   | Noticed a dread lich
135596 | Zig:22   | Killed an ancient lich
135597 | Zig:22   | Killed a dread lich
135597 | Zig:22   | Noticed an ancient lich
135606 | Zig:22   | Killed an ancient lich
135607 | Zig:22   | Noticed a dread lich
135616 | Zig:22   | Killed a dread lich
135624 | Zig:22   | Noticed a dread lich
135624 | Zig:22   | Noticed an ancient lich
135627 | Zig:22   | Noticed an ancient lich
135630 | Zig:22   | Noticed a dread lich
135630 | Zig:22   | Noticed a dread lich
135634 | Zig:22   | Killed a dread lich
135636 | Zig:22   | Killed an ancient lich
135642 | Zig:22   | Killed an ancient lich
135643 | Zig:22   | Killed a dread lich
135653 | Zig:22   | Killed a dread lich
135827 | Zig:22   | Found the ring of Shadows {Umbra +Inv Stlth+}
135845 | Zig:22   | Identified the ring "Quole" {rF+ Str+2 Dex+3 Slay+4}
135847 | Zig:22   | Identified Petitwib's Almanac of Unholy Secrets and
                  | Bewitchment
135852 | Zig:22   | Identified the +2 leather armour "Ninaehol" {Stlth+}
135878 | Zig:23   | Entered Level 23 of a ziggurat
135888 | Zig:23   | Noticed an ancient lich
135892 | Zig:23   | Noticed an ancient lich
135897 | Zig:23   | Noticed an ancient lich
135901 | Zig:23   | Killed an ancient lich
135902 | Zig:23   | Killed an ancient lich
135903 | Zig:23   | Killed an ancient lich
135920 | Zig:23   | Noticed a dread lich
135920 | Zig:23   | Noticed an ancient lich
135926 | Zig:23   | Killed an ancient lich
135928 | Zig:23   | Noticed an ancient lich
135929 | Zig:23   | Killed a dread lich
135931 | Zig:23   | Noticed a dread lich
135931 | Zig:23   | Noticed an ancient lich
135932 | Zig:23   | Noticed a dread lich
135937 | Zig:23   | Killed an ancient lich
135937 | Zig:23   | Noticed a dread lich
135938 | Zig:23   | Killed a dread lich
135940 | Zig:23   | Killed an ancient lich
135940 | Zig:23   | Noticed a dread lich
135943 | Zig:23   | Noticed an ancient lich
135950 | Zig:23   | Killed a dread lich
135950 | Zig:23   | Killed a dread lich
135951 | Zig:23   | Killed a dread lich
135951 | Zig:23   | Killed an ancient lich
136084 | Zig:23   | Lost mutation: You are clumsy. (Dex -2) [evolution]
136136 | Zig:23   | Identified the +5 pair of boots of Proximity {Str+4}
136138 | Zig:23   | Identified the ring of Pantheism {rCorr Str+4}
136142 | Zig:23   | Identified the ring "Itauc" {Fire rPois Will- Slay+5
                  | Stlth-}
136145 | Zig:23   | Identified the ring of Puwoem {rPois Str+6 Dex+2 Stlth+}
136156 | Zig:23   | Identified the Guide on the Venomous Escort
136178 | Zig:24   | Entered Level 24 of a ziggurat
136245 | Zig:24   | Paralysed by accursed screaming for 2 turns
136355 | Zig:24   | Found the +2 Maxwell's thermic engine {flame, freeze}
136367 | Zig:24   | Identified the +4 scale mail "Bung" {Int+2}
136404 | Zig:24   | Identified the +0 plate armour of Honour {*Slow rPois rC++
                  | Regen+}
136417 | Zig:25   | Entered Level 25 of a ziggurat
136743 | Zig:25   | Identified the ring "Felleill" {rPois rCorr MP+9 Dex+2}
136755 | Zig:25   | Identified the Disquisition on Entrancing Changing
136758 | Zig:25   | Acquired 912 gold pieces
136759 | Zig:25   | Acquired a manual of Maces & Flails
136760 | Zig:25   | Acquired a manual of Armour
136782 | Zig:25   | Identified the +11 war axe of Inference {venom, Fly}
136790 | Zig:26   | Entered Level 26 of a ziggurat
137031 | Zig:26   | Found the +11 plutonium sword {Contam Stlth-}
137035 | Zig:26   | Found the +3 hat of Pondering {ponderous, Will+ MP+10
                  | Int+5}
137053 | Zig:26   | Identified the +4 ring mail of Darkness {rElec rF- Will+
                  | Str+9 Dex-4}
137054 | Zig:26   | Identified the Papyrus of Virous Creation
137060 | Zig:26   | Identified the +11 flail "Yhe Foq" {chaos, rC+ MP+9 Str+2
                  | Stlth+}
137061 | Zig:26   | Identified the ring of Esipt {rCorr Str+7 Int+6 Dex-3
                  | Stlth-}
137136 | Zig:26   | Gained mutation: You are mostly covered in iridescent
                  | scales. (AC +4) [evolution]
137136 | Zig:26   | Lost mutation: You rapidly evolve. [decline of evolution]
137197 | Zig:26   | Identified the +5 hand crossbow "Tyeqy" {flame, *Slow rF+
                  | rC+ rCorr}
137199 | Zig:26   | Identified the +0 pair of gloves "Ekobyogh" {rCorr Str+2}
137214 | Zig:27   | Entered Level 27 of a ziggurat
137221 | Zig:27   | Noticed a royal mummy
137224 | Zig:27   | Noticed a royal mummy
137225 | Zig:27   | Killed a royal mummy
137228 | Zig:27   | Noticed a royal mummy
137230 | Zig:27   | Killed a royal mummy
137233 | Zig:27   | Noticed a royal mummy
137234 | Zig:27   | Killed a royal mummy
137235 | Zig:27   | Noticed a royal mummy
137237 | Zig:27   | Noticed a royal mummy
137239 | Zig:27   | Noticed a royal mummy
137239 | Zig:27   | Killed a royal mummy
137239 | Zig:27   | Noticed a royal mummy
137240 | Zig:27   | Killed a royal mummy
137242 | Zig:27   | Killed a royal mummy
137243 | Zig:27   | Noticed a royal mummy
137244 | Zig:27   | Noticed a royal mummy
137245 | Zig:27   | Killed a royal mummy
137246 | Zig:27   | Killed a royal mummy
137247 | Zig:27   | Noticed a royal mummy
137248 | Zig:27   | Noticed a royal mummy
137251 | Zig:27   | Killed a royal mummy
137253 | Zig:27   | Killed a royal mummy
137253 | Zig:27   | Noticed a royal mummy
137256 | Zig:27   | Killed a royal mummy
137256 | Zig:27   | Killed a royal mummy
137256 | Zig:27   | Noticed a royal mummy
137258 | Zig:27   | Noticed a royal mummy
137260 | Zig:27   | Killed a royal mummy
137261 | Zig:27   | Killed a royal mummy
137262 | Zig:27   | Noticed a royal mummy
137263 | Zig:27   | Killed a royal mummy
137263 | Zig:27   | HP: 13/298 [something (28)]
137264 | Zig:27   | Noticed a royal mummy
137272 | Zig:27   | Noticed a royal mummy
137279 | Zig:27   | Killed a royal mummy
137280 | Zig:27   | Killed a royal mummy
137280 | Zig:27   | HP: 2/387 [something (28)]
137282 | Zig:27   | Noticed a royal mummy
137283 | Zig:27   | Noticed a royal mummy
137293 | Zig:27   | Killed a royal mummy
137294 | Zig:27   | Killed a royal mummy
137295 | Zig:27   | Noticed a royal mummy
137295 | Zig:27   | Killed a royal mummy
137295 | Zig:27   | HP: 19/387 [something (10)]
137295 | Zig:27   | Noticed a royal mummy
137301 | Zig:27   | Killed a royal mummy
137304 | Zig:27   | Killed a royal mummy
137504 | Zig:27   | Identified the +6 shortbow of the Ageing Dove {venom, rN+++
                  | Str+4 Dex-3}
137602 | Depths:1 | Lost mutation: Your flesh is heat resistant. (rF+) [potion
                  | of mutation]
137602 | Depths:1 | Lost mutation: You are mostly covered in iridescent scales.
                  | (AC +4) [potion of mutation]
137602 | Depths:1 | Lost mutation: You are weak. (Str -2) [potion of mutation]
137602 | Depths:1 | Gained mutation: Your muscles are strong. (Str +2) [potion
                  | of mutation]
137603 | Depths:1 | Lost mutation: You are occasionally teleported next to
                  | monsters. [potion of mutation]
137603 | Depths:1 | Lost mutation: You are partially covered in iridescent
                  | scales. (AC +2) [potion of mutation]
137603 | Depths:1 | Lost mutation: You occasionally shout uncontrollably at
                  | your foes. [potion of mutation]
137603 | Depths:1 | Lost mutation: You have a beak for a mouth. [potion of
                  | mutation]
137603 | Depths:1 | Gained mutation: You can exhale a cloud of poison. [potion
                  | of mutation]
137724 | Zot:1    | Entered Level 1 of the Realm of Zot
138676 | Zot:5    | Entered Level 5 of the Realm of Zot
138835 | Zot:5    | Noticed a dread lich
138835 | Zot:5    | Noticed an orb of fire
138836 | Zot:5    | Noticed an ancient lich
138841 | Zot:5    | Killed a dread lich
138841 | Zot:5    | Lost mutation: Your muscles are strong. (Str +2) [an orb of
                  | fire]
138842 | Zot:5    | Gained mutation: Your flesh is cold resistant. (rC+) [an
                  | orb of fire]
138844 | Zot:5    | Noticed an orb of fire
138849 | Zot:5    | Killed an orb of fire
138852 | Zot:5    | Killed an ancient lich
138855 | Zot:5    | Gained mutation: Your body sometimes deteriorates upon
                  | taking damage. [an orb of fire]
138856 | Zot:5    | Gained mutation: You occasionally shout uncontrollably at
                  | your foes. [an orb of fire]
138857 | Zot:5    | Killed an orb of fire
138887 | Zot:5    | Noticed an orb of fire
138895 | Zot:5    | Noticed an orb of fire
138900 | Zot:5    | Killed an orb of fire
138911 | Zot:5    | Killed an orb of fire
138932 | Zot:5    | Noticed an ancient lich
138939 | Zot:5    | Killed an ancient lich
138975 | Zot:5    | Noticed an orb of fire
138993 | Zot:5    | Reached skill level 27 in Transmutations
138993 | Zot:5    | Noticed a dread lich
138995 | Zot:5    | Noticed an orb of fire
138997 | Zot:5    | Noticed an orb of fire
138999 | Zot:5    | Gained mutation: You are clumsy. (Dex -2) [an orb of fire]
139003 | Zot:5    | Killed an orb of fire
139005 | Zot:5    | Gained mutation: You are dopey. (Int -2) [an orb of fire]
139009 | Zot:5    | Noticed an ancient lich
139016 | Zot:5    | Killed an orb of fire
139032 | Zot:5    | Killed an orb of fire
139043 | Zot:5    | Reached skill level 27 in Fire Magic
139048 | Zot:5    | Reached skill level 5 in Short Blades
139055 | Zot:5    | Killed an ancient lich
139083 | Zot:5    | Killed a dread lich
139137 | Zot:5    | Got the Orb of Zot
139224 | Zot:2    | Noticed Ilaeg the pandemonium lord
139228 | Zot:2    | Killed Ilaeg the pandemonium lord
139333 | Depths:2 | Reached skill level 10 in Short Blades
139464 | D:12     | Lost mutation: You are clumsy. (Dex -2) [evolution]
139607 | D:10     | Noticed Cetust the pandemonium lord
139609 | D:10     | Noticed Taus the pandemonium lord
139610 | D:10     | Killed Taus the pandemonium lord
139612 | D:10     | Killed Cetust the pandemonium lord
139657 | D:9      | Noticed a seraph
139661 | D:9      | Killed a seraph
139673 | D:9      | Noticed Ischait the pandemonium lord
139736 | D:6      | Noticed Noynuomi the pandemonium lord
139745 | D:6      | Killed Noynuomi the pandemonium lord
139874 | D:$      | Escaped with the Orb!

Illustrated notes

Levels and vault maps discovered:
D:1:      amcnicky_arrival_gap_in_the_tavern_cellar, layout_basic
D:2:      layout_rooms, shapermc_ecumenical_altar_starsandcircs, serial_glass,
          glass_columns_a, glass_columns_a, item_on_display_a
D:3:      layout_basic, jmf_multi_god_temple2, serial_corexii_hall,
          chequers_hall_statues_y, corexii_hall_statues_i
D:4:      layout_basic, serial_shops, shop, minmay_strange_pillars,
          kennysheep_doodads, minmay_crossroads, uniq_sigmund, uniq_ijyb
D:5:      layout_cave_pools, kennysheep_little_box, lemuel_tele_altar,
          minmay_quadrilaterals, uniq_prince_ribbit1, uniq_blork_the_orc
D:6:      layout_loops_cross, grunt_temple_overflow_lords_of_destruction,
          led_xom_imps, lemuel_round_altar, gup_ossuary_entry_pyramid,
          uniq_edmund
D:7:      layout_loops_ring, nicolae_tso_swordbearing_angel, kennysheep_mini,
          minmay_temple_entry_waves, uniq_pikel, uniq_joseph
D:8:      layout_loops_corners, overflow_temple_1_default,
          gammafunk_ghost_mausoleum, uniq_maurice
D:9:      layout_gridville, erik_lair_island, orc_0_dummy
D:10:     layout_layer_cave, dk_yredelemnul_ordeal, serial_shops, shop,
          columned_hall_lemuel, chequers_big_river
D:11:     layout_loops_ring
D:12:     layout_basic, enter_bailey_3, billiards_dpeg
D:13:     layout_roguey, erik_vaults_1
D:14:     layout_roguey, nicolae_wu_jian_immortal_techniques
D:15:     gammafunk_enter_depths_forms, layout_gridville
Lair:1:   layout_misc_corridors
Lair:2:   layout_chaotic_city, swamp_mist, serial_bayou_pond_d, st_stairs_4
Lair:3:   layout_roguey, dummy_snake_entry, chequers_serial_rivers_micro_c,
          grunt_megastairs_5, infiniplex_staircase_pool, uniq_nergalle
Lair:4:   layout_loops_ring, minmay_hedge_maze
Lair:5:   nzn_winding_woodlands_cross [nzn_winding_woodlands_5x15_sawtooth,
          nzn_winding_woodlands_5x15_default,
          nzn_winding_woodlands_5x15_lazy_stream,
          nzn_winding_woodlands_5x15_pockets,
          nzn_winding_woodlands_15x15_thick_spiral], layout_regular_city,
          slime_altar_2, grunt_megastairs_2, serial_bayou_shore_b
Lair:6:   due_jungle_book, layout_regular_city, st_stairs_12,
          minmay_lair_oklob_items
Swamp:1:  layout_basic_swamp, nicolae_swamp_trees_clearing, swamp_pool1,
          roderic_carrion_pond
Swamp:2:  layout_basic_swamp, nicolae_swamp_tree_designs,
          nicolae_swamp_stair_fork, swamp_pool1, statue_in_the_mist_lemuel,
          nicolae_swamp_bunyip_nook, infiniplex_staircase_pool_2
Swamp:3:  layout_basic_swamp, evilmike_swamp_ruin_rubble_2
Swamp:4:  swamp_basic_johnstein, layout_basic_swamp
Snake:1:  layout_misc_corridors, basic_altar
Snake:2:  layout_onion, nicolae_snake_round_shape_thing
Snake:3:  cheibrodos_snake_ritualist_ritual, layout_honeycomb,
          nicolae_snake_shapes, uniq_jorgrun, uniq_vashnia
Snake:4:  grunt_snake_rune_spirals, layout_onion_interference, minmay_shoptagon
Slime:1:  layout_caves, cheibrodos_slime_lost_civilization_5
Slime:2:  layout_caves
Slime:3:  layout_caves, basic_altar
Slime:4:  layout_caves
Slime:5
Orc:1:    layout_caves, basic_altar
Orc:2:    grunt_orc_tribal_feast, layout_diamond_mine
Elf:1:    eino_elf_arrival_sip, layout_loops_corners, serial_shops,
          nicolae_shop_statue_plus, nicolae_shop_statue_plus, shop, shop,
          hangedman_corner_corridor, feat_on_display, uniq_azrael
Elf:2:    layout_geoelf_octagon, serial_shops, shop, uniq_roxanne,
          uniq_saint_roka
Elf:3:    minmay_elf_hall_quartered_circle, layout_geoelf_grid,
          kilobyte_mutagenic_chamber
Vaults:1: v_misc_3, nicolae_vaults_network_s, nicolae_vaults_little_squares_6,
          nicolae_vaults_display_case, vaults_mumra_minichess_inversion,
          dpeg_vaults_monster_box, nicolae_vaults_border_crossing,
          vaults_dpeg_ring, nicolae_vaults_shelves_hall, layout_vaults_omnigrid,
          uniq_aizul
Vaults:2: hangedman_vaults_variations, serial_ice_g, vaults_room_corners,
          vaults_room_grid, grunt_vaults_hallway_short,
          nicolae_vaults_triangles, ontoclasm_vaults_chip,
          nicolae_vaults_little_squares_5, nicolae_vaults_big_ls, v_pattern_3,
          vaults_dpeg_spiral, nicolae_vaults_rhombus_5, special_room_vaults
          [special_room_orc], minmay_crypt_entry_simple_box, vaults_room_pools,
          layout_vaults_omnicross
Vaults:3: nicolae_vaults_three_branches, ontoclasm_vaults_tryst, v_misc_15,
          hangedman_vaults_maws, grunt_vaults_funnel, v_misc_1,
          hangedman_vaults_maws, ontoclasm_vaults_eye, grunt_vaults_focal,
          grunt_vaults_hallway_short, grunt_tower_of_power,
          layout_vaults_big_room, uniq_asterion
Vaults:4: vaults_mumra_minichess, v_misc_5, hangedman_vaults_stream,
          hangedman_vaults_trim, v_misc_24, nicolae_vaults_back_hallway,
          grunt_vaults_swirl, vaults_room_corners, vaults_room_grid,
          vaults_room_fancy_cross, nicolae_vaults_little_squares_6,
          layout_vaults_ring, nicolae_trove_entry_crossroad
Vaults:5
Crypt:1:  layout_misc_corridors, grunt_crypt_arrival_webbed
Crypt:2:  layout_chaotic_city, ebering_ghost_inner_flame, lemuel_upstairs_altar
Crypt:3:  church_of_pain_bobbens, layout_chaotic_city
Tomb:1
Tomb:2
Tomb:3
Depths:1: layout_big_octagon, enter_ziggurat_c, hell_entry, sword_in_stone,
          serial_bayou_shore_b, uniq_sojobo
Depths:2: angbandy_vault, layout_basic, gammafunk_ghost_crypt,
          minmay_misc_feat_iff, pf_hell_entry_great_geh
Depths:3: kennysheep_water_balloons, layout_gridlike, minmay_misc_feat_rugged,
          abyss_entry_flame_altar, grunt_hell_entry_demonic_statue,
          rand_demon_pan_entry_4, minmay_staircase_bubble, minmay_shop_grove
Depths:4: evilmike_negative_zone, layout_gridlike, abyss_entry,
          gammafunk_ghost_abyssal_escape, serial_bayou_shore_b, hellmouth_1,
          mu_enter_wizlab_6, evilmike_spriggan_trog_shrine,
          minmay_staircase_windowed_small, serial_bayou_shore_a, uniq_mara
Depths:5: lemuel_castle_with_subvaults [lemuel_castle_interior_original],
          layout_gridville, grunt_hell_entry_dis_old,
          nicolae_dithmenos_shadow_blocks
Hell
Dis:1:    layout_overlapping_boxes
Dis:2:    layout_chaotic_city, grunt_dis_stairs_iron_hall
Dis:3:    layout_overlapping_boxes
Dis:4:    layout_regular_city
Dis:5:    layout_chaotic_city, hangedman_dis_decor_blocks_talon
Dis:6:    layout_gridville
Dis:7:    iron_city_of_dis [dis_old, dis_wall_7], layout_chaotic_city
Geh:1:    layout_gehenna_lava_caves
Geh:2:    layout_gehenna_lava_caves
Geh:3:    layout_gehenna_pools_basic
Geh:4:    layout_gehenna_pools_basic
Geh:5:    layout_gehenna_lava_caves
Geh:6:    layout_gehenna_pools_box, lemuel_elevator
Geh:7:    geh_hangedman
Coc:1:    layout_ice_bergs
Coc:2:    layout_ice_bergs, evilmike_ambush [evilmike_ambush_outer_pillars,
          evilmike_ambush_inner_basic]
Coc:3:    layout_cocytus_water_paths
Coc:4:    layout_cocytus_water_paths
Coc:5:    layout_cocytus_water_paths
Coc:6:    layout_cocytus_delve, ice2_lemuel
Coc:7:    coc_dpeg
Tar:1:    layout_catacombs
Tar:2:    layout_cathedral_of_symmetry
Tar:3:    layout_catacombs
Tar:6:    layout_cathedral_of_symmetry
Tar:7:    tar_grunt_cathedral
Zot:1:    layout_misc_corridors
Zot:2:    layout_cathedral_of_symmetry
Zot:3:    layout_gridlike
Zot:4:    layout_concentric_octagons
Zot:5:    layout_misc_corridors, bh_zot_levy_curve, st_stairs_9

Skill      XL: |  1  2  3  4  5  6  7  8  9 10 11 12 13 14 15 16 17 18 19 20 21 22 23 24 25 26 27 |
---------------+----------------------------------------------------------------------------------+-----
Translocations | 4 5 6 8 9 26 | 26.2
Slings         | 1 3 4 5 7 9 10 11 12 13 24 | 24.8
Fighting       | 3 4 5 8 9 12 15 17 18 20 27 | 27.0
Dodging        | 3 5 7 8 12 15 27 | 27.0
Armour         | 2 7 9 10 11 21 | 21.7
Shields        | 5 7 8 9 10 11 13 15 18 | 18.1
Spellcasting   | 3 5 10 12 27 | 27.0
Invocations    | 4 7 8 9 12 27 | 27.0
Unarmed Combat | 6 10 12 13 14 17 19 20 21 22 27 | 27.0
Stealth        | 5 25 | 25.9
Transmutations | 27 | 27.0
Earth Magic    | 27 | 27.0
Necromancy     | 21 | 21.0
Evocations     | 13 | 13.7
Hexes          | 10 | 10.0
Fire Magic     | 27 | 27.0
Conjurations   | 23 | 23.5
Short Blades   | 13 | 13.1
Throwing       | |  0.8

Action                   |  1- 3 |  4- 6 |  7- 9 | 10-12 | 13-15 | 16-18 | 19-21 | 22-24 | 25-27 || total
-------------------------+-------+-------+-------+-------+-------+-------+-------+-------+-------++-------
Melee: Unarmed           |    99 |    78 |   313 |   532 |   555 |   404 |   709 |   287 | 12913 || 15890
       Punch             |       |       |     2 |       |       |       |       |       |     4 ||     6
       Hunting sling     |       |       |       |     1 |       |       |       |       |       ||     1
       Constrict         |       |       |       |       |    92 |    89 |   137 |    54 |  1675 ||  2047
       Peck              |       |       |       |       |       |       |       |       |  3017 ||  3017
 Fire: Hunting sling     |     4 |    76 |   290 |   768 |    72 |       |       |       |       ||  1210
       Fustibalus        |       |       |       |       |   502 |  1026 |  1030 |   550 |  1696 ||  4804
Throw: Dart              |     5 |    25 |       |     1 |       |       |       |       |       ||    31
       Boomerang         |       |     3 |     2 |       |       |       |       |       |       ||     5
       Stone             |       |     2 |     2 |       |       |       |       |       |       ||     4
 Cast: Blink             |     5 |    17 |    42 |    54 |    55 |    21 |     2 |     4 |    33 ||   233
       Teleport Other    |       |       |     1 |     8 |     2 |       |       |       |       ||    11
       Lesser Beckoning  |       |       |       |       |       |       |     1 |       |    10 ||    11
       Apportation       |       |       |       |       |       |       |       |       |     2 ||     2
       Statue Form       |       |       |       |       |       |       |       |       |   833 ||   833
       Manifold Assault  |       |       |       |       |       |       |       |       |   732 ||   732
       Shatter           |       |       |       |       |       |       |       |       |   154 ||   154
       Fire Storm        |       |       |       |       |       |       |       |       |    17 ||    17
       Blade Hands       |       |       |       |       |       |       |       |       |     5 ||     5
       Passage of Golubr |       |       |       |       |       |       |       |       |     3 ||     3
       Haunt             |       |       |       |       |       |       |       |       |     2 ||     2
       Portal Projectile |       |       |       |       |       |       |       |       |     2 ||     2
Invok: Bend Time         |       |       |     1 |       |       |       |       |       |     2 ||     3
       Slouch            |       |       |       |     1 |     4 |     6 |     2 |    12 |    92 ||   117
       Step From Time    |       |       |       |       |       |       |       |     1 |     7 ||     8
       Temporal Distorti |       |       |       |       |       |       |       |       |     1 ||     1
 Abil: Spit Poison       |    35 |    33 |    53 |   119 |    38 |       |     5 |       |    17 ||   300
       Breathe Poison Ga |       |       |       |       |       |       |       |       |     1 ||     1
       End Transformatio |       |       |       |       |       |       |       |       |     1 ||     1
Evoke: Wand              |       |       |       |       |     1 |       |       |       |     1 ||     2
       Figurine of a zig |       |       |       |       |       |       |       |       |     1 ||     1
  Use: Scroll            |       |     2 |    14 |    13 |    14 |    13 |     2 |     4 |    38 ||   100
       Potion            |       |       |     4 |     7 |     2 |     3 |       |     3 |    83 ||   102
 Stab: Distracted        |       |       |       |       |       |       |       |       |    68 ||    68
       Sleeping          |       |       |       |       |       |       |       |       |    21 ||    21
       Invisible         |       |       |       |       |       |       |       |       |     1 ||     1
Armor: Leather armour    |    61 |    43 |   133 |       |       |       |       |       |       ||   237
       Skin              |       |     4 |       |       |       |       |       |       |  1928 ||  1932
       Scale mail        |       |       |    75 |   263 |   132 |       |       |       |       ||   470
       Plate armour      |       |       |       |       |    37 |   287 |   356 |   142 |  1148 ||  1970
       Gold dragon scale |       |       |       |       |       |       |       |       |   224 ||   224
Dodge: Dodged            |    53 |    50 |   168 |   259 |   188 |   156 |   254 |   123 |  8248 ||  9499
Block: Kite shield       |       |       |    22 |   531 |   379 |   422 |   594 |   230 |  3945 ||  6123
       Tower shield      |       |       |       |       |       |       |       |       | 12431 || 12431

Table legend: (Time is in decaauts)
 A = Elapsed time spent in this place.
 B = Non-inter-level travel time spent in this place.
 C = Inter-level travel time spent in this place.
 D = Time resting spent in this place.
 E = Time spent auto-exploring this place.
 F = Levels seen in this place.
 G = Mean time per level.
                   A        B        C        D        E       F      G
               +--------+--------+--------+--------+--------+-----+--------+
         Total | 283376 | 260584 |  22792 |  16283 | 149246 | 160 | 1771.1 |
       Dungeon |  40465 |  31822 |   8643 |   3948 |  21617 |  15 | 2697.7 |
          Lair |  17933 |  16091 |   1842 |   1375 |  12001 |   6 | 2988.8 |
         Swamp |   8501 |   7885 |    616 |    598 |   6331 |   4 | 2125.2 |
     Snake Pit |  13243 |  12921 |    322 |   1718 |   6130 |   4 | 3310.8 |
    Slime Pits |   8863 |   8610 |    253 |    848 |   5379 |   5 | 1772.6 |
  Orcish Mines |   3841 |   3146 |    695 |    234 |   1725 |   2 | 1920.5 |
   Elven Halls |   9916 |   8552 |   1364 |    697 |   6027 |   3 | 3305.3 |
        Vaults |  21172 |  16527 |   4645 |    750 |  12762 |   5 | 4234.4 |
         Crypt |   8298 |   7411 |    887 |    591 |   5335 |   3 | 2766.0 |
          Tomb |   6427 |   6291 |    136 |    774 |     78 |   3 | 2142.3 |
        Depths |  22776 |  20167 |   2609 |   1020 |  13736 |   5 | 4555.2 |
          Hell |   2632 |   2390 |    242 |      0 |   1154 |   1 | 2632.0 |
           Dis |  18866 |  18811 |     55 |     52 |   8182 |   7 | 2695.1 |
       Gehenna |  23358 |  23025 |    333 |     24 |  16010 |   7 | 3336.9 |
       Cocytus |   4339 |   4339 |      0 |      0 |    453 |   7 |  619.9 |
      Tartarus |  15161 |  15018 |    143 |      0 |  10556 |   5 | 3032.2 |
           Zot |   2478 |   2478 |      0 |    521 |    195 |   5 |  495.6 |
         Abyss |   3103 |   3103 |      0 |      0 |   1406 |   3 | 1034.3 |
   Pandemonium |  32887 |  32887 |      0 |    284 |  17427 |  13 | 2529.8 |
      Ziggurat |  16652 |  16652 |      0 |   2238 |   2350 |  54 |  308.4 |
         Trove |    264 |    264 |      0 |      0 |      0 |   1 |  264.0 |
       Ossuary |    507 |    507 |      0 |    109 |      0 |   1 |  507.0 |
        Bailey |   1684 |   1684 |      0 |    498 |    383 |   1 | 1684.0 |
               +--------+--------+--------+--------+--------+-----+--------+

Top non-repeatable levels by time:
   Geh:7: 9098 daAuts
Depths:4: 6225 daAuts
 Snake:4: 5569 daAuts
Vaults:1: 5217 daAuts
Vaults:4: 4714 daAuts
     D:9: 4658 daAuts
Depths:3: 4577 daAuts
Depths:5: 4534 daAuts
   Dis:7: 4451 daAuts
Vaults:2: 4191 daAuts
   Geh:1: 4157 daAuts
Vaults:5: 4090 daAuts
   Tar:1: 3933 daAuts
   Tar:6: 3831 daAuts
    D:12: 3831 daAuts
